 Dungeon Crawl Stone Soup version 0.28.0-43-g3370ac3207 (webtiles) character file.

Game seed: 4706462087743317774

9187643 rlgrobin the Imperceptible (level 27, 189/189 (213) HPs)
             Began as an Octopode Brigand on Mar 5, 2022.
             Was the Champion of Vehumet.
             Escaped with the Orb
             ... and 15 runes on Mar 9, 2022!
             The game lasted 19:39:48 (185929 turns).

rlgrobin the Imperceptible (Octopode Brigand)     Turns: 185929, Time: 19:39:48

HP:   189/189 (213) AC: 13    Str: 18    XL:     27
MP:   57/57         EV: 33    Int: 39    God:    Vehumet [******]
Gold: 6826          SH: 19    Dex: 22    Spells: 0/68 levels left

rFire   + + +      SeeInvis +   a - staff of conjuration
rCold   + + +      Faith    .   M - +2 shield of Resistance {rF++ rC++ Will++}
rNeg    + + +      Spirit   .   P - +2 hat {SInv}
rPois   +          Reflect  .   d - amulet of regeneration
rElec   +          Harm     .   t - ring of Hucaut {Fly rElec MP+9 Int-2 SInv}
rCorr   +          Rampage  .   h - ring "Fing" {rCorr Int+6}
Will    ++++.                   n - ring of Temptation {Wiz +Blink rN+++ Str-2 Slay+3}
Stlth   ++++......              W - ring of Gluttony {Drain Str+4 Int+6 Dex+3}
HPRegen 1.21/turn               R - +4 ring of protection
MPRegen 0.35/turn               p - ring of Daal {Str+4 Int+3 Dex+6}
                                l - ring of Zeolosotu {rPois rF+ rC+}
                                U - +4 ring of protection

@: flying, hasted, studying 4 skills, heavily drained, very quick
A: almost no armour, amphibious, 8 rings, camouflage 1, gelatinous body 1,
(nimble swimmer 1), tentacles, tentacle spike 1, iridescent scales 1
0: Orb of Zot
}: 15/15 runes: decaying, slimy, silver, golden, iron, obsidian, icy, bone,
abyssal, demonic, glowing, magical, fiery, dark, gossamer
a: Renounce Religion, Evoke Blink


You escaped.
You worshipped Vehumet.
Vehumet was exalted by your worship.
You visited 18 branches of the dungeon, and saw 89 of its levels.
You visited Pandemonium 1 time, and saw 11 of its levels.
You visited the Abyss 2 times.
You visited 2 ziggurats, and saw 39 of their levels (deepest: 20).
You also visited: Trove and Ice Cave.

You collected 16275 gold pieces.
You spent 9449 gold pieces at shops.

Inventory:

Hand Weapons
 b - the +12 quick blade of the Lame Duck {protect, rPois rF+ Str+3 Dex+3}
   (You bought it in a shop on level 12 of the Dungeon)

   It grants its wielder temporary protection when it strikes (+7 to AC).
   Str:       It affects your strength (+3).
   Dex:       It affects your dexterity (+3).
   rF:        It protects you from fire.
   rPois:     It protects you from poison.
Armour
 M - the +2 shield of Resistance (worn) {rF++ rC++ Will++}
   (You found it on level 3 of the Elven Halls)

   rF:        It greatly protects you from fire.
   rC:        It greatly protects you from cold.
   Will:      It greatly increases your willpower.
 P - a +2 hat of see invisible (worn)
Magical Staves
 a - a staff of conjuration (weapon)
 c - a staff of earth
Jewellery
 d - an amulet of regeneration (around mantle)
 h - the ring "Fing" (right tentacle) {rCorr Int+6}
   (You found it on level 19 of a ziggurat)

   [ring of resist corrosion]

   Int:       It affects your intelligence (+6).
   rCorr:     It protects you from acid and corrosion.
 l - the ring of Zeolosotu (on tentacle) {rPois rF+ rC+}
   (You found it on level 18 of a ziggurat)

   [ring of protection from fire]

   rF:        It protects you from fire.
   rC:        It protects you from cold.
   rPois:     It protects you from poison.
 n - the ring of Temptation (on tentacle) {Wiz +Blink rN+++ Str-2 Slay+3}
   (You acquired it on level 1 of the Lair of Beasts)

   [ring of wizardry]

   It improves your spell success rate.
   Str:       It affects your strength (-2).
   Slay:      It affects your accuracy & damage with ranged weapons and melee
   (+3).
   rN:        It renders you almost immune to negative energy.
   +Blink:    It lets you blink.
 p - the ring of Daal (on tentacle) {Str+4 Int+3 Dex+6}
   (You found it on level 2 of the Vaults)

   [ring of dexterity]

   Str:       It affects your strength (+4).
   Int:       It affects your intelligence (+3).
   Dex:       It affects your dexterity (+6).
 s - an amulet of magic regeneration
 t - the ring of Hucaut (left tentacle) {Fly rElec MP+9 Int-2 SInv}
   (You found it on level 18 of a ziggurat)

   [ring of magical power]

   Int:       It affects your intelligence (-2).
   rElec:     It insulates you from electricity.
   MP:        It affects your magic capacity (+9).
   SInv:      It lets you see invisible.
   Fly:       It grants you flight.
 E - the amulet of the Air {Inacc Air Fly rElec RMsl}
   (You found it on level 1 of the Vaults)

   [amulet of nothing]

   It reduces the accuracy of all your attacks.
   It enhances your air magic.
   rElec:     It insulates you from electricity.
   Fly:       It grants you flight.
   RMsl:      It protects you from missiles.
 R - a +4 ring of protection (on tentacle)
 U - a +4 ring of protection (on tentacle)
 W - the ring of Gluttony (on tentacle) {Drain Str+4 Int+6 Dex+3}
   (You found it on level 5 of the Pits of Slime)

   [ring of intelligence]

   Str:       It affects your strength (+4).
   Int:       It affects your intelligence (+6).
   Dex:       It affects your dexterity (+3).
   Drain:     It drains your maximum health when unequipped.
Wands
 f - a wand of digging (9)
 i - a wand of mindburst (6)
 J - a wand of paralysis (30)
 N - a wand of iceblast (59)
 Z - a wand of acid (24)
Scrolls
 e - 11 scrolls of fear
 r - 14 scrolls of vulnerability
 x - 3 scrolls of torment
 F - 3 scrolls of amnesia
 K - 6 scrolls of holy word
 L - a scroll of magic mapping
 S - 27 scrolls of teleportation
 V - 22 scrolls of fog
 X - 6 scrolls of immolation
Potions
 o - 4 potions of magic
 u - 3 potions of cancellation
 y - a potion of invisibility
 B - 21 potions of mutation
 C - 4 potions of brilliance
 H - 9 potions of curing
 O - 8 potions of heal wounds
 Q - 3 potions of ambrosia
 Y - 5 potions of resistance
Miscellaneous
 g - the horn of Geryon
 j - a lightning rod (4/4)
 k - a tin of tremorstones (2/2)
 m - a condenser vane
 q - a phantom mirror
 v - a box of beasts
 z - a phial of floods


   Skills:
 + Level 23.7 Fighting
 - Level 8.0 Short Blades
 - Level 6.0 Throwing
 + Level 24.6 Dodging
 - Level 26.0 Stealth
 + Level 19.4 Shields
 - Level 21.0 Spellcasting
 - Level 20.0 Conjurations
 - Level 10.0 Summonings
 - Level 25.0 Necromancy
 - Level 12.0 Translocations
 - Level 20.0 Transmutations
 - Level 25.0 Air Magic
 - Level 23.0 Earth Magic
 - Level 12.0 Poison Magic
 - Level 17.0 Evocations


You couldn't memorise any spells.
You knew the following spells:

 Your Spells              Type           Power      Damage    Failure   Level
a - Shatter               Erth           60%        3d45*     1%          9
b - Borgnjor's Vile Clut  Necr/Erth      61%        N/A       0%          5
c - Passage of Golubria   Tloc           94%        N/A       1%          4
d - Chain Lightning       Conj/Air       72%        3d96      1%          9
e - Necromutation         Tmut/Necr      60%        N/A       1%          8
f - Lehudib's Crystal Sp  Conj/Erth      71%        10d16     1%          8
g - Spellforged Servitor  Conj/Summ      63%        N/A       1%          7
h - Death's Door          Necr           62%        N/A       1%          9
i - Magic Dart            Conj           100%       1d8       0%          1
s - Swiftness             Air            100%       N/A       0%          3
M - Irradiate             Conj/Tmut      69%        3d36      0%          5

Your spell library contained the following spells:

 Spells                   Type           Power      Damage    Failure   Level
 Fire Storm               Conj/Fire      54%        8d14      73%         9
 Polar Vortex             Ice            20%        N/A       100%        9
 Animate Skeleton         Necr           100%       N/A       0%          1
 Apportation              Tloc           100%       N/A       0%          1
 Beastly Appendage        Tmut           100%       N/A       0%          1
 Foxfire                  Conj/Fire      100%       2x1d9     0%          1
 Pain                     Necr           100%       1d9       0%          1
 Sandblast                Erth           100%       2d20      0%          1
 Shock                    Conj/Air       100%       1d9       0%          1
 Sting                    Tmut/Pois      100%       1d8       0%          1
 Summon Small Mammal      Summ           100%       N/A       0%          1
 Blink                    Tloc           100%       N/A       0%          2
 Call Imp                 Summ           87%        N/A       0%          2
 Corpse Rot               Necr/Air       100%       N/A       0%          2
 Passwall                 Tmut/Erth      98%        N/A       0%          2
 Poisonous Vapours        Pois/Air       100%       N/A       0%          2
 Searing Ray              Conj           100%       2d8       0%          2
 Static Discharge         Conj/Air       100%       N/A       0%          2
 Sublimation of Blood     Necr           100%       N/A       0%          2
 Wereblood                Tmut           100%       N/A       0%          2
 Gell's Gravitas          Tloc           94%        N/A       0%          3
 Lesser Beckoning         Tloc           94%        N/A       0%          3
 Mephitic Cloud           Conj/Pois/Air  100%       N/A       0%          3
 Spider Form              Tmut/Pois      100%       N/A       0%          3
 Stone Arrow              Conj/Erth      100%       3d13      0%          3
 Teleport Other           Tloc           94%        N/A       0%          3
 Vampiric Draining        Necr           100%       2d13      0%          3
 Airstrike                Air            62%        N/A       0%          4
 Animate Dead             Necr           62%        N/A       0%          4
 Dispel Undead            Necr           100%       3d31      0%          4
 Iskenderun's Mystic Bla  Conj/Tloc      100%       2d19      0%          4
 Petrify                  Tmut/Erth      100%       N/A       0%          4
 Summon Lightning Spire   Summ/Air       100%       N/A       0%          4
 Agony                    Necr           100%       N/A       0%          5
 Blade Hands              Tmut           57%        N/A       0%          5
 Excruciating Wounds      Necr           62%        N/A       0%          5
 Iskenderun's Battlesphe  Conj           100%       2d15      0%          5
 Lee's Rapid Deconstruct  Erth           60%        3d29*     0%          5
 Lightning Bolt           Conj/Air       72%        1d98      0%          5
 Death Channel            Necr           62%        N/A       0%          6
 Iron Shot                Conj/Erth      71%        9d13      0%          6
 Statue Form              Tmut/Erth      78%        N/A       0%          6
 Freeze                   Ice            100%       1d11      1%          1
 Slow                     Hex            100%       N/A       1%          1
 Ensorcelled Hibernation  Hex/Ice        80%        N/A       1%          2
 Scorch                   Fire           80%        2d9       1%          2
 Call Canine Familiar     Summ           87%        N/A       1%          3
 Confusing Touch          Hex            40%        N/A       1%          3
 Conjure Flame            Conj/Fire      100%       6-21      1%          3
 Dazzling Flash           Conj/Hex       100%       N/A       1%          3
 Frozen Ramparts          Ice            80%        1d10      1%          3
 Ignite Poison            Fire/Tmut/Pois 90%        N/A       1%          3
 Inner Flame              Hex/Fire       40%        N/A       1%          3
 Ozocubu's Armour         Ice            40%        N/A       1%          3
 Portal Projectile        Hex/Tloc       100%       N/A       1%          3
 Summon Guardian Golem    Hex/Summ       68%        N/A       1%          3
 Tukima's Dance           Hex            40%        N/A       1%          3
 Anguish                  Hex/Necr       47%        N/A       1%          4
 Flame Wave               Conj/Fire      100%       2d17      1%          4
 Fulminant Prism          Conj/Hex       54%        3d23      1%          4
 Hailstorm                Conj/Ice       100%       3d20      1%          4
 Ice Form                 Ice/Tmut       87%        N/A       1%          4
 Leda's Liquefaction      Hex/Erth       46%        N/A       1%          4
 Olgreb's Toxic Radiance  Pois           94%        N/A       1%          4
 Sticky Flame             Conj/Fire      100%       2d11      1%          4
 Summon Ice Beast         Ice/Summ       68%        N/A       1%          4
 Alistair's Intoxication  Tmut/Pois      70%        N/A       1%          5
 Fireball                 Conj/Fire      54%        3d21      1%          5
 Freezing Cloud           Conj/Ice/Air   63%        6-21      1%          5
 Manifold Assault         Tloc           94%        N/A       1%          5
 Silence                  Hex/Air        47%        N/A       1%          5
 Summon Forest            Summ/Tloc      45%        N/A       1%          5
 Summon Mana Viper        Hex/Summ       68%        N/A       1%          5
 Yara's Violent Unravell  Hex/Tmut       43%        3d17      1%          5
 Eringya's Noxious Bog    Tmut/Pois      52%        N/A       1%          6
 Simulacrum               Ice/Necr       47%        N/A       1%          6
 Starburst                Conj/Fire      54%        6d15      1%          6
 Summon Cactus Giant      Summ           43%        N/A       1%          6
 Dragon Form              Tmut           57%        N/A       1%          7
 Haunt                    Necr/Summ      54%        N/A       1%          7
 Orb of Destruction       Conj           69%        9d16      1%          7
 Storm Form               Tmut/Air       60%        N/A       1%          7
 Borgnjor's Revivificati  Necr           62%        N/A       1%          8
 Infestation              Necr           62%        N/A       1%          8
 Maxwell's Capacitive Co  Air            62%        ∞         1%          8
 Cause Fear               Hex            20%        N/A       3%          4
 Malign Gateway           Summ/Tloc      45%        N/A       3%          7
 Monstrous Menagerie      Summ           43%        N/A       4%          7
 Summon Hydra             Summ           43%        N/A       4%          7
 Metabolic Englaciation   Hex/Ice        20%        N/A       10%         5
 Disjunction              Tloc           47%        N/A       16%         8
 Summon Horrible Things   Summ           43%        N/A       34%         8
 Ozocubu's Refrigeration  Ice            20%        4d9       52%         7
 Enfeeble                 Hex            20%        N/A       94%         7
 Ignition                 Fire           20%        3d7       98%         8
 Dragon's Call            Summ           43%        N/A       99%         9
 Discord                  Hex            20%        N/A       100%        8
 Animate Armour           Summ/Erth      Unusable   N/A       N/A         4

Dungeon Overview and Level Annotations

Branches:
Dungeon (15/15)            Temple (1/1) D:7            Lair (6/6) D:8
  Swamp (4/4) Lair:3       Spider (4/4) Lair:4        Slime (5/5) Lair:6
    Orc (2/2) D:11            Elf (3/3) Orc:2        Vaults (5/5) D:14
  Crypt (3/3) Vaults:3       Tomb (3/3) Crypt:3      Depths (4/4) D:15
   Hell (visited)             Dis (7/7) Hell            Geh (7/7) Hell
    Coc (7/7) Hell            Tar (7/7) Hell            Zot (5/5) Depths:4
  IceCv (visited)

Altars:
Ashenzari
Cheibriados
Dithmenos
Elyvilon
Fedhas
Gozag
Hepliaklqana
Kikubaaqudgha
Makhleb
Nemelex Xobeh
Okawaru
Qazlal
Ru
Sif Muna
Trog
Uskayaw
Vehumet
Wu Jian
Xom
Yredelemnul
Zin
The Shining One
Beogh
Jiyva
Lugonu

Shops:
D:2 (   D:5 *   D:12 (   Orc:1 :   Orc:2 ((*(*   Elf:2 [   Elf:3 =   Vaults:1 *
Vaults:2 *   Vaults:5 ?=?   Depths:1 !

Portals:
Hell: Depths:1 Depths:2 Depths:3 Depths:4
Abyss: Depths:1 Depths:3
Pandemonium: Depths:2

Annotations:
D:2 exclusion: upstairs
D:3 exclusion: upstairs
D:4 exclusion: upstairs
D:5 exclusion: upstairs
D:6 exclusion: upstairs
D:7 exclusion: upstairs
D:8 exclusion: upstairs
D:9 exclusions: downstairs and upstairs
D:10 exclusion: upstairs
D:11 exclusions: downstairs and upstairs
D:12 exclusion: upstairs
D:13 exclusion: upstairs
D:14 exclusions: downstairs and upstairs
D:15 exclusion: upstairs
Depths:2 exclusions: downstairs and upstairs
Depths:3 1 transporter, exclusion: 2 upstairs
Depths:4 exclusion: upstairs
Geh:5 exclusion: fire vortex
Geh:6 12 runed translucent doors, exclusions: hellephant and 2 searing wretches
Coc:3 exclusions: titan and tormentor
Coc:5 exclusions: 2 simulacra and wendigo
Coc:7 exclusions: 2 ice statues and 2 more exclusions
Tar:2 exclusions: ancient lich, eidolon and spectral thing
Tar:7 223 exclusions
Zot:2 exclusion: upstairs
Zot:3 exclusion: upstairs
Zot:4 exclusion: upstairs
Zot:5 exclusions: upstairs and 2 more exclusions


Innate Abilities, Weirdness & Mutations

You cannot wear most types of armour.
You are amphibious.
You can wear up to eight rings at the same time.
Your skin changes colour to match your surroundings (Stealth+).
Your rubbery body absorbs attacks. (AC +1, EV +1)
((You are camouflaged when in or above water. (Stealth+)))
You have tentacles for arms and can constrict up to eight enemies at once.
One of your tentacles bears a spike.
You are partially covered in iridescent scales. (AC +2)


Message History

There is a stone staircase leading up here.
This staircase is marked as excluded!
Enter next level anyway?
You fly upwards.
Level annotation: exclusion: upstairs
There is a stone staircase leading down here.
Magic restored.
There is a stone staircase leading up here.
This staircase is marked as excluded!
Enter next level anyway?
You fly upwards.
Level annotation: exclusion: upstairs
There is a stone staircase leading down here.
There is a stone staircase leading up here.
This staircase is marked as excluded!
Enter next level anyway?
You fly upwards.
Level annotation: exclusion: upstairs
There is a stone staircase leading down here.
There is a stone staircase leading up here.
This staircase is marked as excluded!
Enter next level anyway?
You fly upwards.
There is a stone staircase leading down here.
An Orb Guardian comes into view.
Casting: Lehudib's Crystal Spear (mildly dangerous; 1% risk of failure)
Confirm with . or Enter, or press ? or * to list all spells.
Aiming: Lehudib's Crystal Spear (mildly dangerous; 1% risk of failure)
Press: ? - help, Shift-Dir - straight line, f - Orb Guardian
Aim: an Orb Guardian (79% to hit)
You feel a surge of power!
The crystal spear hits the Orb Guardian!!!!
You kill the Orb Guardian!
Vehumet accepts your kill.
You feel your power returning.
Blink to where?
Press: ? - help, Dir - move target
As you read the scroll of blinking, it crumbles to dust.
You feel yourself speed up.
You have escaped!

# #.............# #†.#.#
#..#######.##.#.######.# #..#.#
........##..........#..# #..#.#
###....>.....#######.#.# #..#.#
..#..#..##..........##.# #..#.#
..#.....##.#..#.+###.#.# #..#.#
..#.#...##.#.#.....#.#.# #..#.#
........##.#.#.....#.#.###..#.###
.#..#....'.#.+..@..'.#.'.'÷......
....#..###.#.#.....#.#.###.##.###
...÷.....#.#.#.....#.#.#.).##.#
#.####.#.#.#.###+###.#.#.####.#
#.# ##.#.#.##[......##.#.# #.#
#.# #..#.#.#.#######.#.#.# #.#
#.###..#.#..#.......#..#.# #.#
#.##...#.#.###########.#.# ##.###
#.##.#.#.#.............#.# #.....


There were no monsters in sight!

Vanquished Creatures
  Cerebov (Pan)
  Antaeus (Coc:7)
  Asmodeus (Geh:7)
  Gloorx Vloq (Pan)
  Ereshkigal (Tar:7)
  the Serpent of Hell (Coc:7)
  Mnoleg (Pan)
  Dispater (Dis:7)
  8 pandemonium lords
  Mara (Spider:4)
  5 dread liches
  3 orbs of fire
  9 ancient liches
  A juggernaut (Dis:7)
  50 royal mummies
  A shard shrike (shapeshifter) (Depths:2)
  10 shard shrikes
  6 Killer Klowns
  Frederick (Crypt:3)
  Bai Suzhen (Vaults:3)
  6 curse toes
  Geryon (Hell)
  Nikola (Swamp:1)
  Margery (Vaults:3)
  Saint Roka (Vaults:3)
  14 golden dragons
  20 caustic shrikes
  4 profane servitors
  Jory (Vaults:2)
  7 bone dragons
  Arachne (Spider:2)
  3 pearl dragons (Zig:8)
  the Enchantress (Depths:2)
  A shard shrike zombie (Crypt:3)
  9 Brimstone Fiends
  2 doom hounds
  14 Tzitzimimeh
  7 hellephants
  5 iron giants
  5 electric golems
  The ghost of Galthrax the Executioner, an adept MiGl of Uskayaw (Swamp:4)
  24 liches
  Rupert (D:15)
  18 Ice Fiends
  28 tentacled monstrosities
  A walking earthen tome (Depths:4)
  25 Hell Sentinels
  4 quicksilver dragons
  A walking frostbound tome (Depths:3)
  9 tainted leviathans
  8 deep elf master archers
  A deep elf blademaster (Elf:3)
  17 Orb Guardians
  Mlioglotl (Swamp:1)
  Asterion (Spider:1)
  A walking divine tome (Depths:3)
  A titan (shapeshifter) (Depths:2)
  28 acid blobs
  17 searing wretches
  6 Executioners (Pan)
  14 titans
  14 sphinxes
  Murray (Hell)
  20 tentacled starspawn
  7 death cobs
  27 ancient champions
  Kirke (Swamp:1)
  A sphinx (shapeshifter) (Depths:3)
  16 shadow dragons
  3 thorn hunters
  A storm dragon (shapeshifter) (Depths:2)
  17 storm dragons
  9 rockslimes
  6 demonspawn warmongers
  17 tengu reavers
  Donald (Vaults:3)
  2 fenstrider witches
  25 azure jellies
  11 revenants
  12 draconian monks
  38 narguns
  15 frost giants
  14 draconian knights
  5 daevas
  6 nagarajas
  14 emperor scorpions
  13 vault wardens
  An orc warlord (Vaults:2)
  8 iron dragons
  15 draconian scorchers
  26 fire giants
  14 deep elf sorcerers
  11 draconian shifters
  20 ghost moths
  16 quicksilver elementals
  4 juggernaut zombies
  A frost giant (shapeshifter) (Depths:1)
  5 shard shrike simulacra (Coc:7)
  36 balrugs
  5 curse skulls
  15 draconian annihilators
  8 cacodemons
  3 caustic shrike zombies
  3 angels
  9 demonspawn corrupters
  9 quicksilver oozes
  6 deep elf elementalists
  3 caustic shrike skeletons
  13 ghouls
  13 ironbound preservers
  15 draconian stormcallers
  12 reapers
  2 broodmothers
  33 very ugly things
  6 ironbound thunderhulks
  27 war gargoyles
  11 demonspawn blood saints
  3 juggernaut skeletons
  22 stone giants
  5 spriggan defenders
  15 green draconians
  13 vampire knights
  12 bennus
  12 deep elf demonologists
  Nessos (D:15)
  12 black draconians
  16 entropy weavers
  Azrael (Elf:2)
  5 demonspawn black suns
  10 lorocyprocas
  13 putrid mouths
  11 deep elf annihilators
  19 elemental wellsprings
  An eleionoma (shapeshifter) (Depths:2)
  A bunyip (shapeshifter) (Vaults:5)
  15 red draconians
  12 purple draconians
  17 yellow draconians
  7 bunyips
  14 dire elephants
  7 eleionomae
  4 spark wasps
  17 white draconians
  7 deep elf death magi
  8 green deaths
  25 wendigos
  8 ettins
  5 blizzard demons
  8 eidola
  4 merfolk impalers
  9 merfolk javelineers
  A spectral quicksilver dragon (Tar:3)
  6 crystal guardians
  16 iron golems
  The ghost of Kyusiynim the Covert, a journeyman GnEn (Lair:4)
  8 fire dragons
  3 quicksilver dragon zombies
  6 shambling mangroves
  A great orb of eyes (shapeshifter) (Depths:2)
  7 jiangshi
  8 naga warriors
  Fannar (Lair:3)
  A kraken zombie (Hell)
  32 mummy priests
  12 deep elf high priests
  Harold (Lair:2)
  11 great orbs of eyes
  8 ice dragons
  14 salamander tyrants
  6 spriggan zombies
  6 rakshasas
  10 boulder beetles
  2 spectral spriggans
  22 yaktaur captains
  2 fenstrider witch zombies
  2 radroaches
  29 hydras
  9 spriggan air magi
  7 spriggan skeletons
  2 alligator snapping turtles (Zig:18)
  2 anacondas
  5 peacekeepers
  2 quicksilver dragon skeletons
  3 hell beasts
  4 ironbound frosthearts
  30 vault guards
  21 centaur warriors
  A death knight (D:15)
  A catoblepas (D:14)
  6 jorogumos
  9 juggernaut simulacra
  4 merfolk aquamancers (Zig:18)
  3 ghost crabs
  5 ogre magi
  6 caustic shrike simulacra
  6 alligators
  6 satyrs
  6 stokers
  2 titan zombies
  A spectral stone giant (Tar:1)
  10 death yaks (Lair:5)
  13 vampire magi
  30 dancing weapons
  12 deep troll earth magi
  34 hell hogs
  A merfolk avatar (Zig:18)
  A two-headed ogre (D:12)
  87 death scarabs
  16 thrashing horrors
  7 deep troll shamans (Depths:3)
  8 tengu warriors
  3 shock serpents
  Urug (Lair:1)
  A spectral emperor scorpion (Tar:1)
  A spectral storm dragon (Tar:1)
  4 spriggan berserkers
  2 emperor scorpion zombies
  6 orc high priests
  A spectral dire elephant (Tar:1)
  8 soul eaters
  5 naga sharpshooters
  4 storm dragon zombies
  14 spriggans
  A shock serpent (shapeshifter) (Depths:2)
  25 hell knights
  18 shadow wraiths
  Nergalle (Orc:1)
  11 iron trolls
  36 sun demons
  8 crystal echidnas
  18 wretched stars
  3 titan skeletons
  24 deep elf knights
  A fire crab (Lair:6)
  31 skeletal warriors
  A storm dragon skeleton (Depths:3)
  2 spark wasp zombies
  A death drake (shapeshifter) (Zig:15)
  A bunyip zombie (Tomb:2)
  4 salamander mystics
  8 goliath frogs
  10 sixfirhies
  9 glowing orange brains
  4 quicksilver dragon simulacra
  2 sea snakes (Zig:18)
  An ogre zombie (Tomb:1)
  7 pharaoh ants
  3 sun moths
  4 death drakes
  12 steelbarb worms
  A very ugly thing zombie (Depths:2)
  8 spriggan druids
  32 deep trolls
  11 spatial maelstroms
  6 shadow demons
  2 cherubim (Zig:8)
  A deep troll (shapeshifter) (Vaults:5)
  8 flayed ghosts
  4 anaconda zombies
  A ghost moth zombie (Slime:2)
  27 orb spiders
  An orb spider (shapeshifter) (Zig:15)
  4 tengu zombies
  A sea snake (shapeshifter) (Vaults:5)
  A bunyip skeleton (Crypt:3)
  6 spriggan simulacra
  A glowing orange brain (shapeshifter) (Elf:1)
  8 bog bodies
  2 orange crystal statues
  A fenstrider witch simulacrum (Coc:1)
  20 swamp dragons
  9 phantasmal warriors
  2 naga ritualists
  3 obsidian statues
  An anaconda skeleton (Crypt:2)
  12 deep elf archers
  22 deep elf pyromancers
  A mana viper (Abyss:3)
  12 wizards
  16 ironbound convokers
  4 lindwurms
  A shadow dragon zombie (Hell)
  A wolf spider (shapeshifter) (Abyss:3)
  4 harpies (Zig:18)
  A sphinx skeleton (Depths:2)
  2 sphinx zombies
  A golden dragon skeleton (Depths:3)
  3 orc knights
  33 deep elf zephyrmancers
  A jorogumo zombie (Slime:1)
  3 iron dragon zombies
  43 large abominations
  23 necromancers
  4 orc sorcerers
  9 will-o-the-wisps
  24 wolf spiders
  8 cyclopes
  43 ugly things
  2 manticores (shapeshifter) (Abyss:4)
  A shadow dragon skeleton (Zig:15)
  A draconian zombie (Crypt:2)
  9 shining eyes
  A mana viper (shapeshifter) (Abyss:4)
  A broodmother zombie (Tomb:1)
  A frost giant zombie (Hell)
  3 stone giant zombies
  19 elephants
  5 tengu skeletons
  A shining eye (shapeshifter) (Vaults:4)
  3 iron dragon skeletons
  34 moths of wrath
  4 fire giant zombies
  13 manticores
  A shock serpent zombie (Slime:2)
  8 rust devils
  5 worldbinders
  2 jorogumo skeletons (Slime:4)
  7 fauns
  2 merfolk sirens (Zig:18)
  4 salamanders (Depths:3)
  27 smoke demons
  2 dire elephant zombies
  2 frost giant skeletons (Depths:2)
  10 naga magi
  A moth of wrath (shapeshifter) (Depths:3)
  4 apocalypse crabs
  23 vault sentinels
  2 fire giant skeletons
  9 cane toads
  4 ice statues
  5 molten gargoyles
  2 guardian serpents
  A guardian serpent (shapeshifter) (Elf:2)
  7 eyes of devastation
  2 cane toads (shapeshifter)
  A storm dragon simulacrum (Depths:3)
  Joseph (D:10)
  15 black mambas
  8 stone giant skeletons
  An eleionoma skeleton (Crypt:3)
  2 titan simulacra (Coc:7)
  4 water nymphs (Zig:18)
  2 dire elephant skeletons
  12 torpor snails
  17 hellions
  8 orange demons
  17 demonic crawlers
  7 efreet
  A pale draconian zombie (Crypt:1)
  An alligator snapping turtle skeleton (Crypt:3)
  5 komodo dragons
  3 unseen horrors
  A bunyip simulacrum (Hell)
  30 yaktaurs
  2 human zombies
  A pale draconian skeleton (Crypt:3)
  9 freezing wraiths
  A silent spectre (Abyss:3)
  4 rime drakes
  2 golden dragon simulacra
  A steelbarb worm zombie (Crypt:1)
  2 hydra zombies (Hell)
  2 spectral harpies
  A yaktaur skeleton (Vaults:3)
  A redback zombie (Slime:2)
  3 anaconda simulacra
  3 tengu conjurers (Depths:1)
  7 hellwings
  17 ancient zymes
  5 iron giant simulacra
  A bloated husk (Zig:19)
  2 ice devils
  A queen bee (D:12)
  18 tormentors
  7 human skeletons
  3 harpy zombies
  64 guardian mummies
  A polar bear (shapeshifter) (Abyss:4)
  A meliai (shapeshifter) (Vaults:5)
  A polar bear (Lair:6)
  21 merfolk (Zig:18)
  23 meliai
  2 raiju (shapeshifter)
  29 tarantellas
  11 tyrant leeches
  A shadow dragon simulacrum (Zig:16)
  2 jumping spider zombies
  A hydra skeleton (Tomb:2)
  A harpy skeleton (Hell)
  2 deep troll zombies
  2 iron dragon simulacra (Coc:7)
  7 trolls
  28 hornets
  141 slime creatures
  30 raiju
  An alligator zombie (Hell)
  35 blink frogs
  A fire dragon zombie (Crypt:1)
  A radroach zombie (Crypt:3)
  3 snapping turtles (Zig:18)
  A merfolk zombie (Crypt:2)
  39 jumping spiders
  56 flying skulls
  36 culicivoras
  A deep troll skeleton (Depths:2)
  3 fire dragon skeletons
  An ice dragon zombie (Depths:3)
  3 air elementals
  8 vampires
  4 wraiths
  6 shadows
  A merfolk skeleton (Slime:4)
  A spriggan (shapeshifter) (Abyss:3)
  8 wyverns
  An ice dragon skeleton (Depths:1)
  17 ushabtiu
  Eustachio (D:5)
  20 water elementals
  4 dire elephant simulacra
  43 yaks
  6 basilisks
  A hog (shapeshifter) (Elf:2)
  A human (shapeshifter) (Vaults:5)
  28 ynoxinuls
  10 fire elementals
  8 vampire mosquitoes
  11 fire bats
  23 neqoxecs
  13 chaos spawn
  A two-headed ogre zombie (Crypt:3)
  4 steam dragons
  88 redbacks
  12 golden eyes
  16 swamp worms
  Menkaure (D:5)
  4 elf skeletons
  A spatial vortex (Abyss:2)
  3 wargs
  7 harpy simulacra
  18 water moccasins
  6 elf zombies
  6 nagas
  A demonspawn skeleton (Crypt:2)
  A floating eye (Pan)
  7 hell hounds
  A hydra simulacrum (Coc:7)
  A lindwurm zombie (Crypt:1)
  A hornet zombie (Depths:1)
  3 sky beasts
  30 orc warriors
  4 naga skeletons
  A swamp dragon zombie (Crypt:2)
  4 swamp drakes
  2 ice beasts
  3 black bears
  3 necrophages
  A blink frog zombie (Crypt:1)
  4 ogres
  5 boggarts (Vaults:1)
  A hog zombie (Crypt:2)
  An orc skeleton (D:15)
  9 wolves
  3 ettin simulacra
  2 torpor snail zombies
  20 centaurs
  A phantom (D:4)
  A rime drake zombie (Crypt:1)
  A kobold brigand (D:6)
  A rime drake skeleton (Crypt:2)
  An octopode zombie (Crypt:1)
  10 bullfrogs
  3 naga simulacra
  6 earth elementals
  19 scorpions
  A salamander skeleton (Crypt:3)
  A wyvern skeleton (D:7)
  A water moccasin zombie (Crypt:3)
  A water moccasin skeleton (Crypt:2)
  31 killer bees
  A wight (Abyss:4)
  An electric eel (Spider:4)
  5 jellies
  6 howler monkeys
  4 lava snakes (Lair:6)
  6 centaur zombies
  51 starcursed masses
  A basilisk zombie (Crypt:2)
  2 hounds
  3 quasits
  39 orc priests
  3 bullfrog skeletons
  2 iron imps (Abyss:4)
  A centaur skeleton (D:7)
  A black bear skeleton (Crypt:2)
  A basilisk skeleton (Crypt:2)
  2 iguanas
  39 orc wizards
  2 hell rats (Lair:3)
  32 small abominations
  2 killer bee zombies (D:8)
  2 naga zombies
  An acid dragon skeleton (Crypt:1)
  A dwarf skeleton (Crypt:3)
  A hound zombie (D:5)
  103 mummies
  8 adders
  A howler monkey skeleton (D:5)
  4 river rats (Lair:3)
  2 shadow imps
  4 white imps
  5 ufetubi
  An adder skeleton (D:5)
  9 worms
  3 dart slugs
  47 orcs
  3 spectral bats (Abyss:3)
  10 bats
  11 endoplasms
  5 giant cockroaches
  7 goblins
  11 hobgoblins
  5 jackals
  13 kobolds
  6 quokkas
  6 ball pythons
  7 bat simulacra (Abyss:3)
  4 frilled lizards
  A gnoll skeleton (Crypt:1)
  A goblin zombie (Crypt:1)
  A jackal skeleton (Crypt:3)
  6 rats
  A rat skeleton (D:15)
  A butterfly (Lair:3)
  3 creeping infernos
  4 fire vortices
  3 lurking horrors
  18 starspawn tentacles
4801 creatures vanquished.

Vanquished Creatures (collateral kills)
  the Royal Jelly (Slime:5)
  2 Killer Klowns (Zot:5)
  A caustic shrike (Dis:5)
  2 golden dragons (Zot:5)
  An iron giant (Dis:7)
  4 Tzitzimimeh
  3 bone dragons (Abyss:3)
  A doom hound (Tar:3)
  2 Brimstone Fiends
  Jorgrun (D:13)
  2 tentacled monstrosities
  4 hellephants
  6 Hell Sentinels
  3 Ice Fiends (Coc:7)
  9 Orb Guardians (Zot:5)
  8 searing wretches
  A deep elf master archer (Elf:3)
  A titan (Coc:7)
  A quicksilver dragon (shapeshifter) (Depths:2)
  A tentacled starspawn (Abyss:3)
  6 ancient champions
  2 Executioners (Pan)
  A thorn hunter (Swamp:4)
  2 storm dragons (Zot:5)
  An azure jelly (Coc:7)
  A demonspawn warmonger (Pan)
  5 fire giants
  A draconian scorcher (Zot:5)
  A frost giant (Coc:2)
  4 cacodemons (Pan)
  A draconian shifter (Zot:5)
  9 balrugs
  An angel (Abyss:3)
  A draconian stormcaller (Zot:5)
  4 reapers
  3 very ugly things (Depths:1)
  3 war gargoyles
  A black draconian (Zot:5)
  A demonspawn blood saint (Pan)
  A putrid mouth (Tar:7)
  2 white draconians (Zot:5)
  3 red draconians
  4 bennus
  2 green draconians (Zot:5)
  3 demonspawn black suns (Pan)
  A wendigo (Coc:2)
  2 purple draconians (Zot:5)
  A spectral titan (Tar:1)
  A yellow draconian (Zot:5)
  2 eidola
  6 iron golems
  2 blizzard demons
  3 green deaths
  A spriggan zombie (Tomb:2)
  A great orb of eyes (Abyss:3)
  A caustic shrike simulacrum (Coc:7)
  A juggernaut simulacrum (Coc:2)
  An ice dragon (Hell)
  A dancing weapon (Abyss:3)
  A death knight (Abyss:3)
  A two-headed ogre (D:13)
  3 thrashing horrors (Abyss:3)
  2 hell hogs
  2 deep troll shamans (Depths:3)
  4 wretched stars
  4 crystal echidnas
  48 sun demons
  8 soul eaters (Pan)
  6 sixfirhies
  A golden dragon zombie (Zig:4)
  An iron troll (Hell)
  A tengu zombie (Zig:9)
  A necromancer (Hell)
  A cyclops (D:13)
  An ugly thing (Depths:1)
  A manticore (D:12)
  An iron dragon zombie (Zig:4)
  2 will-o-the-wisps (Abyss:4)
  A moth of wrath (Zot:5)
  A centaur zombie (Abyss:3)
  An eye of devastation (Pan)
  A cane toad (shapeshifter) (Abyss:3)
  11 orange demons
  A guardian serpent (Abyss:3)
  A titan simulacrum (Coc:2)
  A rust devil (Abyss:3)
  17 smoke demons
  An emperor scorpion simulacrum (Coc:1)
  A kobold demonologist (Abyss:3)
  A tengu conjurer (Depths:1)
  4 efreet (Pan)
  A bunyip simulacrum (Coc:2)
  7 demonic crawlers
  A red devil (Pan)
  A tormentor (Abyss:3)
  An iron giant simulacrum (Coc:7)
  A harpy zombie (Tomb:2)
  A freezing wraith (Hell)
  3 hellwings
  4 ancient zymes
  An anaconda simulacrum (Coc:7)
  A meliai (Spider:1)
  3 raiju
  4 blink frogs (Abyss:4)
  2 harpy skeletons (Pan)
  2 stone giant simulacra (Coc:1)
  14 small abominations
  2 flying skulls
  7 ynoxinuls
  6 water elementals
  2 dire elephant simulacra (Coc:2)
  4 starcursed masses (Abyss:3)
  A spriggan (Swamp:1)
  13 chaos spawn
  4 neqoxecs (Pan)
  A spatial vortex (Abyss:4)
  A harpy simulacrum (Coc:2)
  30 large abominations
  A hydra simulacrum (Coc:1)
  A hell hound (Abyss:3)
  An orc warrior (Orc:1)
  An ice beast (Coc:2)
  An earth elemental (Abyss:4)
  A wight (Abyss:3)
  2 orc priests
  An orc wizard (D:12)
  A mummy (Tomb:2)
  4 gnolls (Orc:1)
  3 white imps (Abyss:3)
  2 ufetubi (Abyss:3)
  An orc (Orc:1)
  A bat (Abyss:3)
  2 bat simulacra (Abyss:3)
  A briar patch (Swamp:4)
  5 fire vortices
  A lurking horror (Abyss:3)
420 creatures vanquished.

Vanquished Creatures (others)
  A hellephant (Geh:7)
  2 Orb Guardians (Zot:5)
  An Executioner (Pan)
  An azure jelly (Coc:7)
  A ghoul (Zig:19)
  A caustic shrike simulacrum (Coc:7)
  A hydra (Zig:19)
  A stoker (Geh:7)
  A soul eater (Hell)
  2 spriggans (Swamp:1)
  A deep elf knight (Elf:3)
  A spatial maelstrom (Abyss:3)
  A pharaoh ant (Spider:1)
  A deep elf zephyrmancer (Elf:3)
  A naga zombie (Crypt:3)
  An elephant (Lair:2)
  A smoke demon (Pan)
  4 bloated husks
  A hornet (Swamp:1)
  A dream sheep (shapeshifter) (Depths:2)
  2 yaks
  A culicivora (Spider:1)
  2 hogs (Swamp:1)
  A merfolk skeleton (Slime:4)
  A kobold brigand (D:10)
  A small abomination (Abyss:4)
  3 ball lightnings (Pan)
  3 briar patches (Swamp:4)
  5 demonic plants (Abyss:3)
  7 fire vortices (Pan)
  34 foxfires
  55 fungi
  3 lurking horrors
  104 plants
  53 starspawn tentacles
  4 tentacles (Hell)
  5 withered plants (Tar:1)
309 creatures vanquished.

Grand Total: 5530 creatures vanquished

Notes
Turn   | Place    | Note
-------+----------+-------------------------------------------
     0 | D:1      | rlgrobin the Octopode Brigand began the quest for the Orb.
     0 | D:1      | Reached XP level 1. HP: 14/14 MP: 1/1
   291 | D:1      | Reached XP level 2. HP: 17/19 MP: 2/2
   871 | D:1      | Reached XP level 3. HP: 24/24 MP: 3/3
  1830 | D:2      | Reached XP level 4. HP: 29/29 MP: 4/4
  1911 | D:2      | Found a faded altar of an unknown god.
  2166 | D:2      | Found Foaw's Weapon Boutique.
  2176 | D:2      | Reached skill level 6 in Stealth
  2683 | D:3      | Reached XP level 5. HP: 34/34 MP: 5/5
  2689 | D:3      | Reached skill level 7 in Stealth
  3228 | D:3      | Reached skill level 8 in Stealth
  3937 | D:3      | Reached XP level 6. HP: 28/39 MP: 6/6
  4087 | D:4      | Found a broken altar of Ashenzari.
  4196 | D:4      | Reached skill level 9 in Stealth
  4602 | D:4      | Reached skill level 1 in Shields
  4986 | D:5      | Entered Level 5 of the Dungeon
  5104 | D:5      | Reached XP level 7. HP: 45/45 MP: 7/7
  5429 | D:5      | Reached skill level 10 in Stealth
  5669 | D:5      | Noticed Menkaure
  5683 | D:5      | Killed Menkaure
  5688 | D:5      | Reached XP level 8. HP: 45/54 MP: 8/8
  5958 | D:5      | Found Zeod's Assorted Antiques.
  5968 | D:5      | Bought a scroll labelled SIOSUF YFARRU for 31 gold pieces
  5968 | D:5      | Bought a scroll of identify for 62 gold pieces
  5968 | D:5      | Bought a fizzy ruby potion for 27 gold pieces
  6093 | D:5      | Noticed Eustachio
  6096 | D:5      | Killed Eustachio
  6097 | D:5      | Reached skill level 5 in Shields
  6779 | D:5      | Reached skill level 11 in Stealth
  7317 | D:6      | Noticed a komodo dragon
  7679 | D:6      | Reached skill level 12 in Stealth
  8517 | D:6      | Reached skill level 13 in Stealth
  8517 | D:6      | Reached XP level 9. HP: 58/58 MP: 9/9
  8647 | D:6      | Identified the +0 spear of Gesch {spect, rCorr Str+9 Dex+3}
  9141 | D:7      | Found a staircase to the Ecumenical Temple.
  9150 | Temple   | Entered the Ecumenical Temple
  9518 | Temple   | Became a worshipper of Kikubaaqudgha
  9605 | D:7      | Reached skill level 14 in Stealth
  9974 | D:8      | Noticed a troll
  9975 | D:8      | Killed a troll
 10130 | D:8      | Reached skill level 15 in Stealth
 11269 | D:9      | Reached skill level 16 in Stealth
 11450 | D:9      | Reached XP level 10. HP: 36/63 MP: 10/10
 11690 | D:9      | Reached skill level 17 in Stealth
 12099 | D:10     | Entered Level 10 of the Dungeon
 13463 | D:10     | Reached skill level 18 in Stealth
 13509 | D:10     | Reached * piety under Kikubaaqudgha
 13509 | D:10     | Received a gift from Kikubaaqudgha
 13774 | D:10     | Noticed Joseph
 13780 | D:10     | Killed Joseph
 13781 | D:10     | Reached skill level 19 in Stealth
 14252 | D:11     | Found a portal to a secret trove of treasure.
 14271 | D:11     | Learned a level 2 spell: Passwall
 14511 | D:11     | You fall into a shaft and drop 1 floor!
 14537 | D:11     | Noticed a manticore
 14562 | D:12     | Noticed a two-headed ogre
 14569 | D:12     | Killed a two-headed ogre
 14570 | D:12     | Reached skill level 20 in Stealth
 14602 | D:12     | Noticed a manticore
 14972 | D:12     | HP: 1/63 [manticore (10)]
 14976 | D:12     | Killed a manticore
 14977 | D:12     | Reached XP level 11. HP: 2/69 MP: 11/11
 15462 | D:11     | Noticed a green ugly thing
 15547 | D:11     | Killed a green ugly thing
 15548 | D:11     | Reached skill level 21 in Stealth
 15656 | D:11     | Found a staircase to the Orcish Mines.
 15868 | D:11     | Killed a manticore
 15909 | D:12     | Found Norrul Ximir's Weapon Shoppe.
 16178 | D:12     | Reached skill level 22 in Stealth
 16513 | D:12     | Noticed a cyclops
 19338 | D:12     | Killed a cyclops
 19339 | D:12     | Reached skill level 23 in Stealth
 19874 | D:13     | Found a shadowy altar of Dithmenos.
 19876 | D:13     | Noticed a centaur warrior
 19879 | D:13     | Killed a centaur warrior
 19880 | D:13     | Reached skill level 1 in Evocations
 19982 | Orc:1    | Entered Level 1 of the Orcish Mines
 20263 | D:8      | Found a staircase to the Lair.
 20566 | D:8      | HP: 7/70 [shot self (18)]
 20567 | D:8      | Reached XP level 12. HP: 8/75 MP: 12/12
 21316 | Lair:1   | Entered Level 1 of the Lair of Beasts
 21523 | Lair:1   | Identified a scroll of acquirement
 21523 | Lair:1   | Acquired 850 gold pieces
 21672 | D:12     | Bought the +12 quick blade of the Lame Duck {protect, rPois
                  | rF+ Str+3 Dex+3} for 1486 gold pieces
 21677 | D:12     | Learned a level 2 spell: Poisonous Vapours
 21681 | D:12     | Learned a level 3 spell: Swiftness
 21684 | D:12     | Learned a level 2 spell: Blink
 21970 | Lair:1   | Reached skill level 5 in Fighting
 21970 | Lair:1   | Reached skill level 5 in Short Blades
 22047 | Lair:1   | Found a transporter.
 22218 | Lair:1   | Noticed Urug
 22218 | Lair:1   | Killed Urug
 22219 | Lair:1   | Reached ** piety under Kikubaaqudgha
 22465 | Lair:1   | Found a transporter.
 22465 | Lair:1   | Noticed a boulder beetle
 22729 | Lair:1   | Killed a boulder beetle
 22833 | Lair:2   | Noticed Harold
 23115 | Lair:2   | Noticed a seven-headed hydra
 23119 | Lair:2   | Killed a seven-headed hydra
 23151 | Lair:2   | Reached skill level 5 in Dodging
 23199 | Lair:2   | You fall into a shaft and drop 1 floor!
 24197 | Lair:2   | Noticed a four-headed hydra
 24200 | Lair:2   | Killed a four-headed hydra
 24260 | Lair:2   | Killed Harold
 24610 | Lair:3   | Noticed Fannar
 24974 | Lair:2   | Reached XP level 13. HP: 83/83 MP: 13/13
 25137 | Lair:3   | Found a staircase to the Swamp.
 25451 | Lair:3   | Killed Fannar
 25626 | Lair:3   | Reached *** piety under Kikubaaqudgha
 25626 | Lair:3   | Received a gift from Kikubaaqudgha
 26225 | Lair:4   | Noticed Kyusiynim's ghost (journeyman GnEn)
 26343 | Lair:4   | Found a transporter.
 26346 | Lair:4   | Found a transporter.
 26482 | Lair:4   | Found a hole to the Spider Nest.
 26740 | Lair:4   | Identified the +4 hunting sling "Newtslayer" {freeze, rF+
                  | Dex+3}
 26847 | Lair:4   | Reached skill level 10 in Dodging
 27387 | Lair:5   | Found the +8 lance "Wyrmbane" {slay drac, rPois rF+ rC+
                  | AC+3}
 27396 | Lair:5   | Reached **** piety under Kikubaaqudgha
 27745 | Lair:5   | Reached skill level 1 in Spellcasting
 27745 | Lair:5   | Reached skill level 1 in Air Magic
 27745 | Lair:5   | Reached skill level 1 in Poison Magic
 27955 | Lair:5   | Noticed a quicksilver ooze
 28774 | Lair:6   | Entered Level 6 of the Lair of Beasts
 28774 | Lair:6   | Found a viscous altar of Jiyva.
 28775 | Lair:6   | Found a staircase to the Slime Pits.
 29145 | Lair:6   | Found a frozen archway.
 29159 | IceCv    | Entered an ice cave
 29558 | Lair:6   | Reached XP level 14. HP: 94/94 MP: 18/18
 29747 | Lair:6   | Reached skill level 5 in Poison Magic
 29762 | Lair:6   | Learned a level 4 spell: Olgreb's Toxic Radiance
 29769 | Lair:6   | Learned a level 6 spell: Eringya's Noxious Bog
 29996 | Lair:6   | Reached skill level 1 in Transmutations
 30007 | Lair:6   | Reached skill level 1 in Earth Magic
 30293 | Lair:6   | Reached ***** piety under Kikubaaqudgha
 30682 | Lair:6   | Reached skill level 5 in Spellcasting
 31633 | Lair:6   | Found a large runed translucent door.
 31873 | Lair:6   | Found a large runed translucent door.
 32419 | Lair:1   | Learned a level 4 spell: Petrify
 32560 | Orc:1    | Noticed Nergalle
 32564 | Orc:1    | Killed Nergalle
 33581 | Orc:1    | Found Giats's Book Shoppe.
 33698 | Orc:2    | Entered Level 2 of the Orcish Mines
 33842 | Orc:2    | Found a staircase to the Elven Halls.
 34064 | Orc:2    | Found Uliu's Weapon Emporium.
 34306 | Orc:2    | Reached skill level 5 in Transmutations
 34697 | Orc:2    | HP: 9/94 [orc high priest/nerve-wracking pain (3)]
 35707 | Orc:2    | Found Kogh's General Store.
 35707 | Orc:2    | Found Kyuphijof's General Store.
 35708 | Orc:2    | Found Tusi's Antique Weapon Boutique.
 35712 | Orc:2    | Found Toast's Antique Weapon Shop.
 35818 | Orc:2    | Bought a scroll of magic mapping for 49 gold pieces
 35818 | Orc:2    | Bought a phial of floods for 560 gold pieces
 35818 | Orc:2    | Bought a scroll of amnesia for 49 gold pieces
 35819 | Orc:2    | Bought a wand of iceblast (3) for 84 gold pieces
 35819 | Orc:2    | Bought a wand of mindburst (6) for 120 gold pieces
 36126 | Spider:1 | Entered Level 1 of the Spider Nest
 36158 | Lair:4   | Reached XP level 15. HP: 94/99 MP: 18/24
 37388 | Spider:1 | Reached ****** piety under Kikubaaqudgha
 37486 | Spider:1 | Noticed an emperor scorpion
 37625 | Spider:1 | Killed an emperor scorpion
 37628 | Lair:4   | Received a gift from Kikubaaqudgha
 37701 | Spider:1 | Reached skill level 10 in Poison Magic
 38440 | Spider:1 | Noticed Asterion
 38445 | Spider:1 | Killed Asterion
 39829 | D:13     | Noticed Jorgrun
 39848 | D:13     | Killed Jorgrun
 40333 | D:13     | Identified the +7 hunting sling of Okawaru's Reproof
                  | {flame, +Blink}
 40415 | D:14     | Identified the ring "Sogus" {Fire *Corrode Str+4 Int+4
                  | Dex+3}
 40770 | D:14     | Reached skill level 10 in Transmutations
 40932 | D:14     | Reached XP level 16. HP: 103/105 MP: 3/28
 40972 | D:14     | Identified the +8 hand axe of the Foremost Bones {vamp,
                  | *Noise Str+9 Stlth+}
 41524 | D:14     | Found a gate to the Vaults.
 41641 | D:15     | Entered Level 15 of the Dungeon
 41890 | D:15     | Noticed Rupert
 42009 | D:15     | Found a snail-covered altar of Cheibriados.
 42117 | D:15     | Reached skill level 5 in Earth Magic
 42843 | D:15     | Noticed Nessos
 42851 | D:15     | Killed Nessos
 43197 | D:15     | Found a staircase to the Depths.
 43514 | D:15     | Killed Rupert
 43534 | D:15     | Learned a level 6 spell: Statue Form
 43737 | Orc:1    | Bought a manual of Fighting for 960 gold pieces
 43965 | Swamp:1  | Entered Level 1 of the Swamp
 43968 | Swamp:1  | Noticed Mlioglotl
 43973 | Swamp:1  | Noticed a tentacled monstrosity
 43976 | Swamp:1  | Killed Mlioglotl
 44264 | Swamp:1  | Noticed Nikola
 44270 | Swamp:1  | Noticed Kirke
 44569 | Swamp:1  | Killed Nikola
 45248 | Swamp:2  | Noticed a fenstrider witch
 45521 | Swamp:2  | You fall into a shaft and drop 1 floor!
 45629 | Swamp:4  | Entered Level 4 of the Swamp
 45696 | Swamp:2  | Killed a fenstrider witch
 45987 | Swamp:2  | Reached XP level 17. HP: 114/114 MP: 29/29
 46001 | Swamp:2  | Reached skill level 10 in Fighting
 46223 | Swamp:3  | Reached skill level 10 in Earth Magic
 47651 | Swamp:4  | Found a transporter.
 47665 | Swamp:4  | Noticed Galthrax's ghost (adept MiGl)
 47696 | Swamp:4  | Found a transporter.
 47701 | Swamp:4  | Noticed a tentacled monstrosity
 48339 | Swamp:4  | Got a decaying rune of Zot
 48574 | Swamp:1  | Killed Kirke
 48998 | Elf:1    | Entered Level 1 of the Elven Halls
 49116 | Elf:1    | Paralysed by an air elemental for 1 turns
 49426 | Elf:1    | Learned a level 5 spell: Borgnjor's Vile Clutch
 49497 | Elf:1    | Reached skill level 10 in Spellcasting
 49597 | Elf:1    | Reached XP level 18. HP: 125/125 MP: 32/32
 50130 | Elf:2    | Reached skill level 1 in Necromancy
 50376 | Elf:2    | Found a huge runed translucent gate.
 50376 | Elf:2    | Found a huge runed translucent gate.
 50376 | Elf:2    | Found a huge runed translucent gate.
 50408 | Elf:2    | Found a huge runed translucent gate.
 50410 | Elf:2    | Found a huge runed translucent gate.
 50722 | Elf:2    | Found Biohachi's Armour Boutique.
 51131 | Elf:2    | Reached skill level 5 in Necromancy
 51185 | Elf:2    | Noticed Azrael
 51198 | Elf:2    | Killed Azrael
 52314 | Elf:2    | Learned a level 5 spell: Irradiate
 52335 | Elf:3    | Entered Level 3 of the Elven Halls
 52359 | Elf:3    | Found Ivositao's Jewellery Emporium.
 52364 | Elf:3    | Bought a ring of see invisible for 270 gold pieces
 52555 | Elf:3    | Got the Incunabulum of Evil Stones
 52574 | Elf:3    | Reached skill level 1 in Conjurations
 54578 | Spider:2 | Noticed Arachne
 54590 | Spider:2 | Killed Arachne
 54750 | Spider:2 | Reached skill level 5 in Conjurations
 54750 | Spider:2 | Reached XP level 19. HP: 138/138 MP: 31/33
 54858 | Spider:2 | HP: 10/179 [meliai/divine providence (12)]
 55208 | Spider:2 | Acquired a staff of earth
 55278 | Spider:2 | Reached skill level 15 in Fighting
 56029 | Spider:4 | Entered Level 4 of the Spider Nest
 56029 | Spider:4 | Noticed Mara
 57630 | Spider:4 | Killed Mara
 57631 | Spider:4 | Reached skill level 10 in Necromancy
 57735 | Spider:4 | Reached skill level 10 in Conjurations
 58310 | Spider:4 | Reached skill level 5 in Evocations
 58880 | Spider:4 | Got a gossamer rune of Zot
 59383 | Lair:4   | Reached XP level 20. HP: 145/145 MP: 13/34
 59405 | Lair:4   | Killed Kyusiynim's ghost
 60778 | Vaults:1 | Entered Level 1 of the Vaults
 60949 | Vaults:1 | Reached skill level 10 in Evocations
 60949 | Vaults:1 | Reached skill level 1 in Translocations
 61603 | Vaults:1 | Found a transporter.
 61614 | Vaults:1 | Found a transporter.
 61614 | Vaults:1 | Found the amulet of the Air {Inacc Air Fly rElec RMsl}
 62236 | Vaults:1 | Found Namuty's General Store.
 63473 | Vaults:2 | Found Lomisoyd's Assorted Antiques.
 63758 | Vaults:2 | Found a transporter.
 63796 | Vaults:2 | Found a transporter.
 65374 | Vaults:3 | Reached XP level 21. HP: 125/151 MP: 29/35
 66250 | Vaults:3 | Noticed Saint Roka
 66259 | Vaults:3 | Killed Saint Roka
 66351 | Vaults:3 | Noticed Donald
 66383 | Vaults:3 | Killed Donald
 66637 | Vaults:3 | Found a staircase to the Crypt.
 66736 | Vaults:3 | Noticed Margery
 66746 | Vaults:3 | Killed Margery
 66764 | Vaults:3 | Reached skill level 15 in Transmutations
 67070 | Vaults:3 | Paralysed by a great orb of eyes for 2 turns
 67468 | Vaults:3 | Noticed Bai Suzhen
 68131 | Vaults:3 | Noticed Jory
 69194 | Vaults:3 | Killed Bai Suzhen
 71313 | Vaults:4 | Reached XP level 22. HP: 157/157 MP: 37/37
 71319 | Vaults:4 | Learned a level 4 spell: Dispel Undead
 71576 | Crypt:1  | Entered Level 1 of the Crypt
 71842 | Crypt:1  | Paralysed by a vampire knight for 6 turns
 72836 | Crypt:2  | Reached skill level 15 in Necromancy
 74628 | Crypt:3  | Entered Level 3 of the Crypt
 74628 | Crypt:3  | Found a staircase to the Tomb.
 75806 | Crypt:3  | HP: 9/151 [alligator snapping turtle skeleton (33)]
 76936 | Crypt:3  | Noticed a curse toe
 76937 | Crypt:3  | Noticed a curse toe
 76939 | Crypt:3  | Killed a curse toe
 76941 | Crypt:3  | Killed a curse toe
 77000 | Crypt:3  | Found an ancient bone altar of Kikubaaqudgha.
 77008 | Crypt:3  | Found a basalt altar of Yredelemnul.
 77169 | Crypt:3  | Noticed Frederick
 77175 | Crypt:3  | Killed Frederick
 77176 | Crypt:3  | Reached XP level 23. HP: 162/162 MP: 39/39
 77642 | Crypt:3  | Identified the +10 spear of Arbitration {vorpal, rElec
                  | Str+4}
 77648 | Crypt:3  | Identified the +2 hunting sling of Defence {freeze, Contam
                  | rPois Int+8}
 77674 | Crypt:3  | Learned a level 5 spell: Lee's Rapid Deconstruction
 77806 | Vaults:2 | Bought a scroll of amnesia for 115 gold pieces
 78786 | Vaults:1 | Gained mutation: You tend to lose your temper in combat.
                  | [mutagenic glow]
 78932 | Vaults:1 | Lost mutation: You tend to lose your temper in combat.
                  | [potion of mutation]
 78932 | Vaults:1 | Gained mutation: Your body sometimes deteriorates upon
                  | taking damage. [potion of mutation]
 78932 | Vaults:1 | Gained mutation: You are covered in fur. (AC +1) [potion of
                  | mutation]
 78932 | Vaults:1 | Gained mutation: You have very sharp teeth. [potion of
                  | mutation]
 78933 | Vaults:1 | Lost mutation: Your body sometimes deteriorates upon taking
                  | damage. [potion of mutation]
 78933 | Vaults:1 | Lost mutation: You have very sharp teeth. [potion of
                  | mutation]
 78933 | Vaults:1 | Gained mutation: You are partially covered in iridescent
                  | scales. (AC +2) [potion of mutation]
 78933 | Vaults:1 | Gained mutation: You are occasionally teleported next to
                  | monsters. [potion of mutation]
 78933 | Vaults:1 | Gained mutation: You have a pair of small antennae on your
                  | head. [potion of mutation]
 78934 | Vaults:1 | Lost mutation: You have a pair of small antennae on your
                  | head. [potion of mutation]
 78934 | Vaults:1 | Lost mutation: You are covered in fur. (AC +1) [potion of
                  | mutation]
 78934 | Vaults:1 | Gained mutation: You possess an exceptional clarity of
                  | mind. [potion of mutation]
 78934 | Vaults:1 | Gained mutation: You are robust. (+10% HP) [potion of
                  | mutation]
 78935 | Vaults:1 | Lost mutation: You are robust. (+10% HP) [potion of
                  | mutation]
 78935 | Vaults:1 | Lost mutation: You are partially covered in iridescent
                  | scales. (AC +2) [potion of mutation]
 78935 | Vaults:1 | Gained mutation: Your flesh is cold resistant. (rC+)
                  | [potion of mutation]
 78935 | Vaults:1 | Gained mutation: Your body sometimes deteriorates upon
                  | taking damage. [potion of mutation]
 78935 | Vaults:1 | Gained mutation: Your skin blends seamlessly with your
                  | surroundings (Stealth++). [potion of mutation]
 79143 | Vaults:2 | Identified the amulet of Wupanecs {RegenMP Fragile rC+
                  | Int+4 Dex+3}
 79154 | Vaults:2 | Identified the ring of Daal {Str+4 Int+3 Dex+6}
 79233 | Vaults:2 | Killed Jory
 80273 | Lair:1   | Learned a level 8 spell: Necromutation
 81207 | Swamp:4  | Killed Galthrax's ghost
 81397 | Swamp:4  | Identified the -4 cloak "Cuajustro" {rC+ Dex+3}
 82098 | Elf:3    | Identified the ring "Giaret" {rF+ EV+4}
 82220 | Elf:3    | Identified the amulet of Dichol {Acrobat rElec rC+ Int+4}
 82388 | Elf:3    | Identified the +8 battleaxe "Nolluss" {vorpal, *Rage rC++
                  | Int+10}
 82857 | Elf:3    | Identified the +1 leather armour of the Gloaming {Dex+4}
 82857 | Elf:3    | Identified the ring of Irrepressible Laughter {Fire *Slow
                  | rN+++ Will- Str+4}
 82865 | Elf:3    | Identified the +1 leather armour of Paranoia {Stlth+}
 83432 | Elf:3    | Cast into level 4 of the Abyss (a deep elf sorcerer)
 83514 | Abyss:4  | Paralysed by accursed screaming for 1 turns
 83847 | Abyss:4  | Found a shimmering blue altar of Sif Muna.
 84498 | Elf:3    | Escaped the Abyss
 85141 | Elf:3    | Found the +2 shield of Resistance {rF++ rC++ Will++}
 85148 | Elf:3    | Got the Almanac of Changing and Dark Rituals
 85858 | Trove    | Entered a treasure trove
 85876 | Trove    | Got the Incunabulum of Beguiling and the Blaze
 85897 | Trove    | Got Fitoasawn's Tome of the Tiger
 85910 | Trove    | Got Sif Muna's Compendium of Glacial Earth
 85913 | Trove    | Got Sif Muna's Incunabulum of Companions and the Birds
 86065 | Temple   | Fell from the grace of Kikubaaqudgha
 86065 | Temple   | Became a worshipper of Vehumet
 86337 | Depths:1 | Entered Level 1 of the Depths
 86374 | Depths:1 | Found a one-way gateway to a ziggurat.
 87085 | Depths:1 | Reached * piety under Vehumet
 87316 | Depths:1 | Found an opulent altar of Gozag.
 88473 | Depths:1 | Found a one-way gate to the infinite horrors of the Abyss.
 88558 | Depths:1 | Reached XP level 24. HP: 152/169 MP: 34/41
 88761 | Depths:1 | Found Fextuw's Distillery.
 88769 | Depths:1 | Bought a potion of brilliance for 44 gold pieces
 88769 | Depths:1 | Bought 2 potions of brilliance for 88 gold pieces
 88769 | Depths:1 | Bought a potion of heal wounds for 55 gold pieces
 88769 | Depths:1 | Bought a potion of cancellation for 88 gold pieces
 88769 | Depths:1 | Bought a potion of curing for 33 gold pieces
 88769 | Depths:1 | Bought a potion of curing for 33 gold pieces
 88769 | Depths:1 | Bought a potion of brilliance for 44 gold pieces
 89276 | Depths:1 | Found a gateway to Hell.
 89490 | Vaults:1 | Bought a scroll of vulnerability for 120 gold pieces
 89490 | Vaults:1 | Bought a scroll of teleportation for 48 gold pieces
 89490 | Vaults:1 | Bought a potion of curing for 48 gold pieces
 89634 | Tomb:1   | Entered Level 1 of the Tomb of the Ancients
 89811 | Tomb:1   | Reached ** piety under Vehumet
 90673 | Tomb:1   | Reached skill level 10 in Shields
 91266 | Tomb:1   | Noticed a royal mummy
 91280 | Tomb:1   | Killed a royal mummy
 92066 | Tomb:1   | Noticed a royal mummy
 92066 | Tomb:1   | Noticed a royal mummy
 92066 | Tomb:1   | Noticed a royal mummy
 92066 | Tomb:1   | Noticed a royal mummy
 92066 | Tomb:1   | Noticed a royal mummy
 92066 | Tomb:1   | Noticed a royal mummy
 92840 | Depths:2 | Reached *** piety under Vehumet
 92891 | Depths:1 | Learned a level 6 spell: Iron Shot
 93058 | Depths:2 | Noticed the Enchantress
 93062 | Depths:2 | Killed the Enchantress
 93850 | Depths:2 | Offered knowledge of Flame Wave by Vehumet.
 94353 | Depths:2 | Noticed a shard shrike
 94357 | Depths:2 | Killed a shard shrike
 95131 | Depths:2 | Reached **** piety under Vehumet
 96792 | Depths:2 | Found a one-way gate leading to the halls of Pandemonium.
 97542 | Lair:1   | Acquired the ring of Temptation {Wiz +Blink rN+++ Str-2
                  | Slay+3}
 97688 | Slime:1  | Entered Level 1 of the Pits of Slime
 98446 | Slime:1  | Offered knowledge of Iskenderun's Battlesphere by Vehumet.
 98710 | Slime:2  | Gained mutation: Your body often deteriorates upon taking
                  | damage. [a shining eye]
 99920 | Slime:2  | Reached XP level 25. HP: 174/174 MP: 41/41
100600 | Slime:3  | Gained mutation: You sometimes lose the ability to read
                  | scrolls when taking damage. [a shining eye]
101657 | Slime:4  | Reached skill level 15 in Shields
102133 | Slime:5  | Entered Level 5 of the Pits of Slime
102419 | Slime:3  | Reached ***** piety under Vehumet
102419 | Slime:3  | Offered knowledge of Fireball by Vehumet.
102800 | Slime:3  | You are sucked into a shaft and drop 1 floor!
103440 | Slime:5  | Reached skill level 15 in Earth Magic
103501 | Slime:5  | Was forgiven by Kikubaaqudgha
103947 | Slime:5  | Gained mutation: You are clumsy. (Dex -2) [a shining eye]
104283 | Slime:5  | Found a viscous altar of Jiyva.
104409 | Slime:5  | Noticed the Royal Jelly
107252 | D:8      | Learned a level 5 spell: Yara's Violent Unravelling
109291 | Depths:3 | Found a runed translucent door.
109295 | Depths:3 | Offered knowledge of Conjure Ball Lightning by Vehumet.
109540 | Depths:3 | Found a transporter.
109540 | Depths:3 | Found a corrupted altar of Lugonu.
109609 | Depths:3 | Found a transporter.
110983 | Depths:3 | Reached XP level 26. HP: 128/180 MP: 29/41
112136 | Elf:3    | Bought a +6 ring of intelligence for 1053 gold pieces
112148 | Elf:3    | Learned a level 9 spell: Shatter
112475 | Depths:1 | Identified the +4 short sword "Tishrybeadgh" {flame, rF++}
112862 | Vaults:5 | Entered Level 5 of the Vaults
112864 | Vaults:5 | Noticed an ancient lich
112866 | Vaults:5 | Killed an ancient lich
113199 | Vaults:5 | Identified the ring "Olaoka" {Contam rElec Will+ Str+6}
113222 | Vaults:5 | Offered knowledge of Starburst by Vehumet.
113354 | Vaults:5 | Noticed a dread lich
113356 | Vaults:5 | Killed a dread lich
113436 | Vaults:5 | Identified the ring "Fitomon" {EV+4 Dex+3}
113566 | Vaults:5 | Offered knowledge of Conjure Ball Lightning by Vehumet.
114573 | Vaults:5 | Identified the +3 scale mail "Medgho Loxeig" {Rampage +Inv
                  | Int-2 Stlth-}
114581 | Vaults:5 | Lost mutation: Your flesh is cold resistant. (rC+) [potion
                  | of mutation]
114581 | Vaults:5 | Lost mutation: Your skin blends seamlessly with your
                  | surroundings (Stealth++). [potion of mutation]
114581 | Vaults:5 | Lost mutation: You are occasionally teleported next to
                  | monsters. [potion of mutation]
114581 | Vaults:5 | Gained mutation: You are occasionally teleported next to
                  | monsters. [potion of mutation]
114581 | Vaults:5 | Gained mutation: You have hidden genetic defects. [potion
                  | of mutation]
114581 | Vaults:5 | Gained mutation: Your muscles are strong. (Str +2) [potion
                  | of mutation]
114644 | Vaults:5 | Got a silver rune of Zot
114813 | Vaults:5 | Found Dytat's Jewellery Shoppe.
115056 | Vaults:5 | Found Ihiwa's Magic Scroll Shop.
115061 | Vaults:5 | Bought a scroll of teleportation for 48 gold pieces
115061 | Vaults:5 | Bought a scroll of fog for 32 gold pieces
115061 | Vaults:5 | Bought a scroll of vulnerability for 120 gold pieces
115061 | Vaults:5 | Bought a scroll of amnesia for 56 gold pieces
115061 | Vaults:5 | Bought a scroll of amnesia for 56 gold pieces
115061 | Vaults:5 | Bought a scroll of holy word for 120 gold pieces
115061 | Vaults:5 | Bought a scroll of teleportation for 48 gold pieces
115071 | Vaults:5 | Found Iqufaeh's Magic Scroll Emporium.
115079 | Vaults:5 | Bought a scroll of silence for 112 gold pieces
115079 | Vaults:5 | Bought a scroll of summoning for 142 gold pieces
115079 | Vaults:5 | Bought a scroll of blinking for 112 gold pieces
115079 | Vaults:5 | Bought a scroll of torment for 112 gold pieces
115079 | Vaults:5 | Bought a scroll of acquirement for 780 gold pieces
115079 | Vaults:5 | Bought a scroll of amnesia for 52 gold pieces
115079 | Vaults:5 | Bought a scroll of magic mapping for 52 gold pieces
115079 | Vaults:5 | Acquired the +2 hat of Claustrophobia {rF- Str+5 Int+2}
115190 | Vaults:5 | Found the +3 giant club "Skullcrusher" {speed, Str+7}
115325 | Vaults:5 | Identified the -4 hat of Tumer {rElec rPois Will++ Dex-4}
115614 | Depths:3 | Reached XP level 27. HP: 186/186 MP: 31/41
115797 | Depths:3 | Identified the ring "Joh Hiucakh" {rC+ Dex+4 Stlth+}
115837 | Depths:3 | Learned a level 8 spell: Lehudib's Crystal Spear
115855 | Depths:4 | Entered Level 4 of the Depths
115905 | Depths:3 | Identified the +2 chain mail "Anajuorr" {rC+}
116154 | Elf:3    | Bought the ring of Ido Alo {Fly rF+ rC- Int+4 Dex+4} for
                  | 790 gold pieces
116666 | Depths:4 | Found an ornate altar of the Wu Jian Council.
117166 | Depths:4 | Found a gate to the Realm of Zot.
118095 | Zot:1    | Entered Level 1 of the Realm of Zot
119163 | Zot:2    | Offered knowledge of Iskenderun's Battlesphere by Vehumet.
120158 | Zot:2    | Learned a level 8 spell: Infestation
120991 | Zot:2    | Reached skill level 15 in Spellcasting
121563 | Zot:3    | Lost mutation: You have hidden genetic defects. [potion of
                  | mutation]
121563 | Zot:3    | Lost mutation: You are occasionally teleported next to
                  | monsters. [potion of mutation]
121563 | Zot:3    | Gained mutation: Your magical capacity is low. (-10% MP)
                  | [potion of mutation]
121563 | Zot:3    | Gained mutation: You are partially covered in iridescent
                  | scales. (AC +2) [potion of mutation]
121570 | Zot:3    | Learned a level 4 spell: Passage of Golubria
122652 | Zot:3    | Offered knowledge of Iskenderun's Battlesphere by Vehumet.
122780 | Zot:3    | Noticed an orb of fire
122783 | Zot:3    | Killed an orb of fire
123193 | Zot:3    | Reached skill level 15 in Conjurations
127837 | Zot:5    | Entered Level 5 of the Realm of Zot
127838 | Zot:5    | Identified the +1 cloak "Neirghut" {rPois rCorr Str+3
                  | Stlth+}
128758 | Zot:5    | Offered knowledge of Conjure Ball Lightning by Vehumet.
129872 | D:14     | Lost mutation: You are partially covered in iridescent
                  | scales. (AC +2) [potion of mutation]
129872 | D:14     | Lost mutation: Your magical capacity is low. (-10% MP)
                  | [potion of mutation]
129873 | D:14     | Lost mutation: Your body often deteriorates upon taking
                  | damage. [potion of mutation]
129873 | D:14     | Lost mutation: Your body sometimes deteriorates upon taking
                  | damage. [potion of mutation]
129873 | D:14     | Lost mutation: You sometimes lose the ability to read
                  | scrolls when taking damage. [potion of mutation]
129873 | D:14     | Lost mutation: You possess an exceptional clarity of mind.
                  | [potion of mutation]
130267 | Slime:5  | Killed the Royal Jelly
130777 | Slime:5  | Identified the amulet of Fyggay {Acrobat rF++ rN+ Will+}
130817 | Slime:5  | Identified the ring "Xoocs" {Fire rN+}
130820 | Slime:5  | Got a slimy rune of Zot
130822 | Slime:5  | Identified the ring of Gluttony {Drain Str+4 Int+6 Dex+3}
130828 | Slime:5  | Identified the +6 hand axe "Ynkuant" {vorpal, *Corrode
                  | +Blink Fly Will+++}
131213 | Slime:5  | Identified the +8 short sword of Infinity {drain, Contam
                  | Str+9 Int-2}
131597 | Orc:2    | Bought a potion of cancellation for 96 gold pieces
131858 | Depths:1 | Bought a potion of ambrosia for 88 gold pieces
132424 | Tomb:2   | Noticed a royal mummy
132424 | Tomb:2   | Noticed a royal mummy
132429 | Tomb:2   | Killed a royal mummy
132429 | Tomb:2   | Killed a royal mummy
132431 | Tomb:2   | Noticed a royal mummy
132432 | Tomb:2   | Noticed a royal mummy
132434 | Tomb:2   | Killed a royal mummy
132435 | Tomb:2   | Reached skill level 5 in Air Magic
132435 | Tomb:2   | Killed a royal mummy
132574 | Tomb:1   | Noticed a royal mummy
133601 | Tomb:1   | Noticed a royal mummy
133601 | Tomb:1   | Noticed a royal mummy
133603 | Tomb:1   | Noticed a royal mummy
133604 | Tomb:1   | Killed a royal mummy
133604 | Tomb:1   | Killed a royal mummy
133604 | Tomb:1   | Killed a royal mummy
133605 | Tomb:1   | Reached skill level 5 in Translocations
133605 | Tomb:1   | Killed a royal mummy
133605 | Tomb:1   | Killed a royal mummy
133606 | Tomb:1   | Killed a royal mummy
133606 | Tomb:1   | Killed a royal mummy
133606 | Tomb:1   | Killed a royal mummy
133607 | Tomb:1   | Killed a royal mummy
133608 | Tomb:1   | Noticed a royal mummy
133633 | Tomb:1   | Killed a royal mummy
133830 | Tomb:1   | Noticed a royal mummy
133847 | Tomb:1   | Killed a royal mummy
134006 | Tomb:1   | Noticed a royal mummy
134019 | Tomb:1   | Killed a royal mummy
134083 | Tomb:1   | Noticed a royal mummy
134100 | Tomb:1   | Noticed a royal mummy
134117 | Tomb:1   | Killed a royal mummy
134120 | Tomb:1   | Killed a royal mummy
134121 | Tomb:1   | Noticed a royal mummy
134368 | Tomb:1   | Noticed a royal mummy
134375 | Tomb:1   | Killed a royal mummy
134480 | Tomb:1   | Noticed a royal mummy
134482 | Tomb:1   | Noticed a royal mummy
134486 | Tomb:1   | Killed a royal mummy
134488 | Tomb:1   | Killed a royal mummy
134705 | Tomb:3   | Entered Level 3 of the Tomb of the Ancients
134714 | Tomb:3   | Noticed a royal mummy
134714 | Tomb:3   | Noticed a royal mummy
134715 | Tomb:3   | Reached ****** piety under Vehumet
134718 | Tomb:3   | Offered knowledge of Fire Storm by Vehumet.
134718 | Tomb:3   | Offered knowledge of Chain Lightning by Vehumet.
134718 | Tomb:3   | Offered knowledge of Polar Vortex by Vehumet.
134726 | Tomb:3   | HP: 16/186 [royal mummy/divine providence (8)]
134727 | Tomb:3   | Noticed a royal mummy
134727 | Tomb:3   | Killed a royal mummy
134733 | Tomb:3   | HP: 14/186 [??? (6)]
134738 | Tomb:3   | Noticed a royal mummy
134738 | Tomb:3   | Noticed a royal mummy
134738 | Tomb:3   | Noticed a royal mummy
134740 | Tomb:3   | Noticed a royal mummy
134741 | Tomb:3   | Killed a royal mummy
134741 | Tomb:3   | Killed a royal mummy
134741 | Tomb:3   | Killed a royal mummy
134742 | Tomb:3   | Killed a royal mummy
134744 | Tomb:3   | Noticed a royal mummy
134783 | Tomb:1   | HP: 18/186 [royal mummy/divine providence (12)]
134784 | Tomb:1   | HP: 8/186 [royal mummy/divine providence (10)]
134945 | Tomb:1   | Killed a royal mummy
135267 | Tomb:1   | Killed a royal mummy
136086 | Tomb:3   | Killed a royal mummy
136086 | Tomb:3   | Killed a royal mummy
136087 | Tomb:3   | Killed a royal mummy
136230 | Tomb:3   | Identified the amulet of Bebyem {Spirit rElec rC+}
136232 | Tomb:3   | Identified the ring "Karor" {rF+++ rC- rN+ Str+5 Dex-5}
136508 | Tomb:3   | Got a golden rune of Zot
136570 | Tomb:3   | Identified the +7 falchion of Usohong {pain, *Rage rElec
                  | rPois Int+2}
136574 | Tomb:3   | Identified the +10 scimitar of Igogoleopp {elec, rN+ Str+3}
136596 | Tomb:3   | Identified the +1 quarterstaff of the Dragonfly {vorpal,
                  | rC+ rN+ Str+2 Dex+2}
137657 | Elf:1    | Learned a level 7 spell: Spellforged Servitor
137927 | Hell     | Entered the Vestibule of Hell
137927 | Hell     | Noticed Geryon
137932 | Hell     | Killed Geryon
138076 | Hell     | Reached skill level 1 in Summonings
138367 | Hell     | Noticed Murray
138373 | Hell     | Killed Murray
138558 | Hell     | Found a gateway to the freezing wastes of Cocytus.
139269 | Hell     | Found a gateway to the Iron City of Dis.
139360 | Hell     | Found a gateway to the decaying netherworld of Tartarus.
139403 | Hell     | Found a gateway to the ashen valley of Gehenna.
139795 | Zot:5    | Noticed an orb of fire
139814 | Zot:5    | Killed an orb of fire
140029 | Zot:5    | Reached skill level 5 in Summonings
140118 | Zot:5    | Noticed a dread lich
140123 | Zot:5    | Killed a dread lich
140514 | Zot:5    | Noticed an ancient lich
140521 | Zot:5    | Killed an ancient lich
140783 | Zot:5    | Noticed an ancient lich
140794 | Zot:5    | Killed an ancient lich
141277 | Zot:5    | Noticed a dread lich
141288 | Zot:5    | Killed a dread lich
142981 | Zot:5    | Noticed an orb of fire
142988 | Zot:5    | Killed an orb of fire
144243 | Zot:5    | Noticed an ancient lich
144253 | Zot:5    | Killed an ancient lich
144254 | Zot:5    | Reached skill level 15 in Evocations
145558 | Zig:1    | Entered Level 1 of a ziggurat
145577 | Zig:2    | Entered Level 2 of a ziggurat
145601 | Zig:3    | Entered Level 3 of a ziggurat
145604 | Zig:3    | Noticed Cutigg the pandemonium lord
145614 | Zig:3    | Killed Cutigg the pandemonium lord
145766 | Zig:4    | Entered Level 4 of a ziggurat
145796 | Zig:4    | Identified the +1 leather armour of Nioloxkupa {Fly}
145847 | Zig:5    | Entered Level 5 of a ziggurat
145851 | Zig:5    | Noticed a royal mummy
145857 | Zig:5    | Killed a royal mummy
146036 | Zig:6    | Entered Level 6 of a ziggurat
146178 | Zig:7    | Entered Level 7 of a ziggurat
146209 | Zig:7    | Identified the ring of Wius {Will+ Slay+4}
146328 | Zig:8    | Entered Level 8 of a ziggurat
146376 | Zig:8    | Identified the +2 whip of Ekoch {vorpal, rF- Str+3 Int+2}
146491 | Zig:9    | Entered Level 9 of a ziggurat
146523 | Zig:9    | Identified the +10 shortbow "Ozeiw" {vorpal, rPois Will-
                  | Int+5}
146526 | Zig:9    | Identified the +8 dagger of Ocvot {vorpal, Str+4}
146666 | Zig:10   | Entered Level 10 of a ziggurat
146730 | Zig:11   | Entered Level 11 of a ziggurat
146736 | Zig:11   | Noticed Biorghites the pandemonium lord
146741 | Zig:11   | Reached skill level 10 in Air Magic
146746 | Zig:11   | Killed Biorghites the pandemonium lord
146770 | Zig:11   | Identified the +5 scale mail "Caduimer" {Drain rC++ Regen+
                  | Slay+2}
146773 | Zig:11   | Identified the amulet of the Hart {Acrobat rN+ MP+9 Str+3
                  | Int-5}
146917 | Zig:11   | Reached skill level 10 in Translocations
146920 | Zig:12   | Entered Level 12 of a ziggurat
146970 | Zig:12   | Identified the amulet of Giciq {Spirit rC++ Str+5}
147074 | Zig:13   | Entered Level 13 of a ziggurat
147281 | Zig:14   | Entered Level 14 of a ziggurat
147300 | Zig:14   | Reached skill level 15 in Air Magic
147328 | Zig:14   | Identified the +1 leather armour of the Constellations
                  | {Str+2 Dex+6 SInv}
147329 | Zig:14   | Identified the amulet of the Worm {Faith Fragile rPois rN+}
147334 | Zig:14   | Identified the +6 falchion "Ogreslayer" {freeze, rElec
                  | Will+ Int-4}
147336 | Zig:14   | Identified the +5 mace "Cuhoch" {flame, rF+ rCorr}
147345 | Zig:14   | Identified the +7 broad axe of Puute {vorpal, Str+5 Int+3}
147423 | Zig:15   | Entered Level 15 of a ziggurat
147456 | Zig:15   | Identified the +4 ring mail of Charity {Harm}
147466 | Zig:15   | Identified the +7 spear "Honwag" {freeze, rCorr MP+9}
147480 | Zig:15   | Learned a level 9 spell: Chain Lightning
147633 | Zig:16   | Entered Level 16 of a ziggurat
147959 | Zig:17   | Entered Level 17 of a ziggurat
147967 | Zig:17   | Noticed a royal mummy
147967 | Zig:17   | Noticed a dread lich
147968 | Zig:17   | Noticed a royal mummy
147968 | Zig:17   | Noticed a royal mummy
147969 | Zig:17   | Noticed a royal mummy
147969 | Zig:17   | Noticed a royal mummy
147971 | Zig:17   | Killed a dread lich
147971 | Zig:17   | Noticed a royal mummy
147972 | Zig:17   | Killed a royal mummy
147972 | Zig:17   | Killed a royal mummy
147972 | Zig:17   | Killed a royal mummy
147973 | Zig:17   | Killed a royal mummy
147973 | Zig:17   | Killed a royal mummy
147974 | Zig:17   | Killed a royal mummy
147975 | Zig:17   | Noticed a royal mummy
147978 | Zig:17   | Killed a royal mummy
147982 | Zig:17   | Found the +8 Wrath of Trog {antimagic, *Rage Rampage}
147991 | Zig:17   | Identified the +5 short sword of Hard Scrabble {holy, rN+
                  | rCorr Int+4 SInv}
148127 | Zig:18   | Entered Level 18 of a ziggurat
148162 | Zig:18   | Identified the ring of Zeolosotu {rPois rF+ rC+}
148165 | Zig:18   | Identified the ring of Hucaut {Fly rElec MP+9 Int-2 SInv}
148177 | Zig:18   | Identified the +5 scimitar of Byxituy {flame, Str+2}
148234 | Zig:19   | Entered Level 19 of a ziggurat
148357 | Zig:19   | Identified the +4 shortbow of Diolo {speed, Dex+2}
148362 | Zig:19   | Identified the +4 falchion "Suynkeuc" {vorpal, rF- Int+4
                  | SInv Stlth+}
148364 | Zig:19   | Identified the +5 falchion of Red Wine {venom, Int+3}
148510 | Zig:19   | Identified the +0 scale mail "Xiam" {rElec rF- Regen+
                  | Dex+6}
148524 | Zig:19   | Identified the +7 lajatang of Tossiul {venom, Will+ Str+4}
149156 | Pan      | Entered Pandemonium
149324 | Zig:1    | Entered Level 1 of a ziggurat
149324 | Zig:1    | Noticed Bueg the pandemonium lord
149333 | Zig:1    | HP: 18/186 [Bueg the pandemonium lord (17)]
149334 | Zig:1    | Killed Bueg the pandemonium lord
149753 | Zig:2    | Entered Level 2 of a ziggurat
149862 | Zig:3    | Entered Level 3 of a ziggurat
149988 | Zig:4    | Entered Level 4 of a ziggurat
150007 | Zig:4    | Identified the ring of Vexaefu {rC+ Dex+6}
150125 | Zig:5    | Entered Level 5 of a ziggurat
150257 | Zig:6    | Entered Level 6 of a ziggurat
150272 | Zig:6    | Identified the amulet of Yzooc {Faith rN++}
150398 | Zig:7    | Entered Level 7 of a ziggurat
150405 | Zig:7    | Noticed Amamaesk the pandemonium lord
150434 | Zig:7    | Killed Amamaesk the pandemonium lord
150572 | Zig:7    | Identified the +4 flail of Antique Indomitability {vorpal,
                  | rC+ Str+5 Int-4}
150574 | Zig:7    | Identified the +2 flail of the Candle {drain, Str+3 Int+3}
150679 | Zig:8    | Entered Level 8 of a ziggurat
151026 | Zig:8    | Identified the +1 trident of the Whelk {drain, rElec}
151034 | Zig:8    | Identified the amulet of Fun {RegenMP +Blink rF- SInv}
151065 | Zig:9    | Entered Level 9 of a ziggurat
151103 | Zig:9    | Identified the +9 hunting sling "Ychu Rerche" {flame,
                  | Fragile +Blink Dex+2}
151259 | Zig:10   | Entered Level 10 of a ziggurat
151403 | Zig:11   | Entered Level 11 of a ziggurat
151432 | Zig:11   | Identified the +1 robe "Bimihuis" {Stlth+}
151433 | Zig:11   | Identified the +6 battleaxe of the Gloaming {vorpal, rF-
                  | rC+ Str+6}
151434 | Zig:11   | Identified the +9 short sword of False Accusations
                  | {protect, rPois Will+ MP-9}
151462 | Zig:12   | Entered Level 12 of a ziggurat
151489 | Zig:12   | Identified the +13 plate armour "Laufuit" {rPois Int+3}
151499 | Zig:12   | Got the Incunabulum of Translocation and Evil Rituals
151504 | Zig:12   | Identified the ring of Elem {rC+ Will+ EV+4}
151605 | Zig:13   | Entered Level 13 of a ziggurat
151635 | Zig:13   | Identified the ring of Contentment {Ice rPois SInv Stlth+}
151641 | Zig:13   | Identified the ring "Urchamou" {Fly SInv}
151660 | Zig:13   | Identified the ring "Vuwoof" {+Blink rN+ MP+9 Int+7}
151744 | Zig:14   | Entered Level 14 of a ziggurat
151759 | Zig:14   | Noticed a dread lich
151759 | Zig:14   | Noticed an ancient lich
151761 | Zig:14   | Noticed an ancient lich
151761 | Zig:14   | Found the +4 moon troll leather armour {Spirit, Regen++
                  | MP+5}
151763 | Zig:14   | Killed a dread lich
151763 | Zig:14   | Killed an ancient lich
151764 | Zig:14   | Killed an ancient lich
151776 | Zig:14   | Identified the +2 pair of gloves of Kaucadghu {SInv}
151888 | Zig:15   | Entered Level 15 of a ziggurat
151903 | Zig:15   | Noticed a royal mummy
151906 | Zig:15   | Noticed a royal mummy
151906 | Zig:15   | Noticed a royal mummy
151906 | Zig:15   | Noticed a royal mummy
151906 | Zig:15   | Noticed a royal mummy
151906 | Zig:15   | Noticed a royal mummy
151906 | Zig:15   | Noticed a royal mummy
151906 | Zig:15   | Noticed a royal mummy
151906 | Zig:15   | Noticed a royal mummy
151907 | Zig:15   | Noticed a royal mummy
151910 | Zig:15   | Killed a royal mummy
151910 | Zig:15   | Killed a royal mummy
151910 | Zig:15   | Killed a royal mummy
151910 | Zig:15   | Killed a royal mummy
151910 | Zig:15   | Killed a royal mummy
151910 | Zig:15   | Killed a royal mummy
151910 | Zig:15   | Killed a royal mummy
151910 | Zig:15   | Killed a royal mummy
151911 | Zig:15   | Killed a royal mummy
151911 | Zig:15   | Killed a royal mummy
151913 | Zig:15   | HP: 18/186 [bennu (5)]
152293 | Zig:15   | Identified the +4 hand axe "Dragonslayer" {venom, *Corrode
                  | rPois MP+9 Int+4}
152295 | Zig:15   | Identified the +0 buckler of Jutheuz {Str-4 Dex+5}
152309 | Zig:15   | Identified the +0 scale mail of Vexation {rElec rN+}
152330 | Zig:16   | Entered Level 16 of a ziggurat
152341 | Zig:16   | Noticed an ancient lich
152343 | Zig:16   | Killed an ancient lich
152361 | Zig:16   | Identified the +6 rapier of Exquisite Death {vorpal, rElec
                  | SInv}
152366 | Zig:16   | Identified the +4 dagger "Impbane" {vorpal, Fly Will+ Str-3
                  | Dex+2}
152402 | Zig:16   | Learned a level 9 spell: Death's Door
152404 | Zig:16   | Learned a level 1 spell: Apportation
152976 | Zig:17   | Entered Level 17 of a ziggurat
153006 | Zig:17   | Got the Guide on Flying Ice
153049 | Zig:18   | Entered Level 18 of a ziggurat
153063 | Zig:18   | Paralysed by a wendigo for 1 turns
153084 | Zig:18   | Identified the +10 hunting sling "Loarr" {flame, rCorr
                  | Str+3}
153092 | Zig:18   | Identified the ring of Kadaobru {Wiz rC++ Str+4}
153105 | Zig:18   | Identified the +8 flail of Neebao {spect, Str-5 Int+3
                  | Dex+10 Stlth+}
153107 | Zig:18   | Identified the +0 pair of boots of Negligence {rC+ Dex+2}
153377 | Zig:19   | Entered Level 19 of a ziggurat
153405 | Zig:19   | Found the +3 salamander hide armour {Flames rF++ rC--}
153412 | Zig:19   | Identified the ring "Fing" {rCorr Int+6}
153431 | Zig:19   | Identified the +10 hand crossbow of Foolhardiness {vorpal,
                  | Str+6}
153526 | Zig:20   | Entered Level 20 of a ziggurat
153591 | Zig:20   | Identified the +7 spear of Uczyo {freeze, rF+ Will+ Int+4}
153593 | Zig:20   | Identified the +8 hand axe of the Unspeakable One {distort,
                  | Contam +Blink MP+9 Stlth+}
153612 | Pan      | Noticed Zaajiacs the pandemonium lord
154863 | Pan      | Killed Zaajiacs the pandemonium lord
155453 | Pan      | Found a runed translucent door.
155470 | Pan      | Found a runed translucent door.
155473 | Pan      | Found a runed translucent door.
155480 | Pan      | Noticed Doedouv the pandemonium lord
155484 | Pan      | Killed Doedouv the pandemonium lord
155492 | Pan      | Found a runed translucent door.
155501 | Pan      | Identified the ring of Neurosis {rC+ Dex+3 SInv}
155533 | Pan      | Reached skill level 15 in Dodging
156099 | Pan      | Noticed Neeqo Anu the pandemonium lord
156105 | Pan      | Killed Neeqo Anu the pandemonium lord
156282 | Pan      | Found an exit through the horrors of the Abyss.
156358 | Pan      | Got a demonic rune of Zot
156380 | Pan      | Entered the realm of Gloorx Vloq.
156387 | Pan      | Noticed Gloorx Vloq
156393 | Pan      | Got a dark rune of Zot
156913 | Pan      | Identified the +6 dagger of Resourcefulness {freeze, Dex+2}
156923 | Pan      | Noticed Teoxigon the pandemonium lord
156930 | Pan      | Killed Teoxigon the pandemonium lord
157565 | Pan      | Identified the +4 morningstar of Greed {drain, rElec Str-3
                  | Int+3}
157627 | Pan      | Entered the realm of Mnoleg.
157676 | Pan      | Found an exit through the horrors of the Abyss.
157769 | Pan      | Noticed Mnoleg
157775 | Pan      | Gained mutation: Potions are less effective at restoring
                  | your health. [a neqoxec]
157779 | Pan      | Killed Mnoleg
158218 | Pan      | Got a glowing rune of Zot
158370 | Pan      | Entered the realm of Lom Lobon.
158370 | Pan      | Noticed Lom Lobon
158372 | Pan      | Got a magical rune of Zot
158410 | Pan      | Entered the realm of Cerebov.
158902 | Pan      | Identified the ring of Veskuniel {Wiz +Blink rF+ rC+ rN++}
159011 | Pan      | Noticed Gloorx Vloq
159018 | Pan      | Killed Gloorx Vloq
159302 | Pan      | Found an exit through the horrors of the Abyss.
160039 | Pan      | Identified the ring "Diemarej" {rPois Dex+6}
160218 | Pan      | Found the +6 sword of Cerebov {flame}
160218 | Pan      | Noticed Cerebov
160369 | Pan      | Killed Cerebov
160624 | Pan      | Lost mutation: Potions are less effective at restoring your
                  | health. [potion of mutation]
160624 | Pan      | Lost mutation: Your muscles are strong. (Str +2) [potion of
                  | mutation]
160624 | Pan      | Gained mutation: One of your tentacles bears a spike.
                  | [potion of mutation]
160624 | Pan      | Gained mutation: You are partially covered in iridescent
                  | scales. (AC +2) [potion of mutation]
160624 | Pan      | Lost mutation: You are clumsy. (Dex -2) [potion of
                  | mutation]
160644 | Pan      | Identified the +6 halberd of Extermination {venom, rPois
                  | Str+3 Dex+4 Stlth+}
160654 | Pan      | Got a fiery rune of Zot
160839 | Pan      | Took an exit into the Abyss.
160839 | Abyss:1  | Escaped into the Abyss
161258 | Abyss:3  | Found a bloodstained altar of Trog.
163328 | Abyss:3  | Found a corrupted altar of Lugonu.
163935 | Abyss:3  | Found a radiant altar of Vehumet.
164103 | Abyss:3  | Identified the +6 tower shield of the Eternal Void {rF+ rC+
                  | Will+}
164443 | Abyss:3  | Found a corrupted altar of Lugonu.
164664 | Abyss:3  | Found a blossoming altar of Fedhas.
165123 | Abyss:3  | Found a snail-covered altar of Cheibriados.
166345 | Abyss:4  | Paralysed by accursed screaming for 1 turns
166427 | Abyss:4  | Noticed an ancient lich
166430 | Abyss:4  | Killed an ancient lich
166439 | Abyss:4  | Got an abyssal rune of Zot
166476 | Abyss:5  | Entered Level 5 of the Abyss
166552 | Depths:2 | Escaped the Abyss
169855 | Dis:1    | Entered Level 1 of the Iron City of Dis
171026 | Dis:7    | Entered Level 7 of the Iron City of Dis
172067 | Dis:7    | Noticed a juggernaut
172074 | Dis:7    | Killed a juggernaut
172132 | Dis:7    | Found the +4 staff of Dispater
172132 | Dis:7    | Noticed Dispater
172194 | Dis:7    | Reached skill level 24 in Stealth
172199 | Dis:7    | Killed Dispater
172206 | Dis:7    | Found the +7 captain's cutlass {speed, disarm}
172210 | Dis:7    | Got an iron rune of Zot
172608 | Lair:1   | Learned a level 4 spell: Dispel Undead
172880 | Tar:1    | Entered Level 1 of Tartarus
173572 | Tar:2    | Noticed an ancient lich
173858 | Tar:7    | Entered Level 7 of Tartarus
173903 | Tar:7    | Reached skill level 10 in Summonings
174508 | Tar:7    | Noticed Ereshkigal
174519 | Tar:7    | Learned a level 4 spell: Passage of Golubria
174543 | Tar:7    | Killed Ereshkigal
174551 | Tar:7    | Got a bone rune of Zot
175258 | Coc:1    | Entered Level 1 of Cocytus
175258 | Coc:1    | Noticed an ancient lich
175260 | Coc:1    | Killed an ancient lich
175707 | Coc:5    | You are sucked into a shaft and drop 1 floor!
175720 | Coc:6    | Reached skill level 5 in Throwing
175731 | Coc:7    | Entered Level 7 of Cocytus
175815 | Coc:7    | Paralysed by a wendigo for 1 turns
176118 | Coc:7    | Paralysed by a wendigo for 1 turns
176234 | Coc:7    | Noticed the Serpent of Hell
176242 | Coc:7    | Killed the Serpent of Hell
176669 | Coc:7    | Noticed Antaeus
176688 | Coc:7    | Killed Antaeus
176694 | Coc:7    | Got an icy rune of Zot
177079 | Lair:1   | Learned a level 1 spell: Magic Dart
178911 | Elf:3    | Bought the amulet "Qinu" {Acrobat Stlth+} for 716 gold
                  | pieces
179970 | Lair:1   | Learned a level 4 spell: Airstrike
180004 | Lair:1   | Learned a level 4 spell: Passage of Golubria
180192 | Orc:2    | Bought a scroll of holy word for 90 gold pieces
180192 | Orc:2    | Bought an amulet of magic regeneration for 360 gold pieces
180642 | Geh:1    | Entered Level 1 of Gehenna
181040 | Geh:3    | Reached skill level 25 in Stealth
181258 | Geh:5    | Reached skill level 26 in Stealth
181751 | Geh:6    | Found a runed translucent gate.
181751 | Geh:6    | Found a runed translucent gate.
181751 | Geh:6    | Found a runed translucent gate.
181751 | Geh:6    | Found a runed translucent gate.
181755 | Geh:6    | Found a runed translucent gate.
181756 | Geh:6    | Found a runed translucent gate.
181756 | Geh:6    | Found a runed translucent gate.
181757 | Geh:6    | Found a runed translucent gate.
181757 | Geh:6    | Found a runed translucent gate.
181757 | Geh:6    | Found a runed translucent gate.
181757 | Geh:6    | Found a runed translucent gate.
181757 | Geh:6    | Found a runed translucent gate.
181779 | Geh:7    | Entered Level 7 of Gehenna
182302 | Geh:7    | Found the +7 sceptre of Asmodeus
182302 | Geh:7    | Noticed Asmodeus
182356 | Geh:7    | Killed Asmodeus
182372 | Geh:7    | Identified the ring "Tofaed" {rElec rF+ rN+ Will+ Str-4
                  | SInv}
182378 | Geh:7    | Got an obsidian rune of Zot
185422 | Zot:5    | Got the Orb of Zot
185451 | Zot:5    | Noticed a seraph
185645 | D:14     | Noticed Loro the pandemonium lord
185683 | D:11     | Noticed Pofewe Kine the pandemonium lord
185686 | D:11     | Noticed an ancient lich
185929 | D:$      | Escaped with the Orb!

Illustrated notes

Levels and vault maps discovered:
D:1:      matt_arrival_los_fun, layout_basic, minmay_crystal_water,
          minmay_tetromino_s4
D:2:      cheibrodos_helix_gallery, layout_loops_cross,
          hellmonk_ecumenical_altar_run_dry, serial_shops, shop
D:3:      layout_loops_ring
D:4:      layout_basic, evilmike_ruin_ashenzari
D:5:      wad_river_or_something, layout_loops_corners, serial_shops,
          nicolae_shop_overgrown_old_shop, chequers_serial_rivers_micro_c,
          grunt_decor_arrowhead, uniq_menkaure, uniq_eustachio
D:6:      minmay_chambers_of_sixes, layout_cave_pools, minmay_misc_feat_rugged,
          water_boxes_lemuel
D:7:      layout_gridville, temple_hall
D:8:      layout_loops_ring, due_lair_maze_entry_diamond
D:9:      layout_loops_corners
D:10:     layout_roguey, uniq_joseph
D:11:     layout_gridville, orc_0_dummy, nicolae_trove_entry_isolated,
          grunt_ministairs_4
D:12:     layout_roguey [special_room_bee], serial_shops, shop
D:13:     layout_rooms, grunt_dithmenos_smoke_and_mirrors, uniq_jorgrun
D:14:     layout_roguey, david_vaults_5, grunt_decor_one_mirror, minivault_20
D:15:     grunt_enter_depths_hoard, layout_irregular_city,
          minmay_misc_feat_more_columns, serial_column_ruins, column_ruins_hut,
          column_ruins_open_tiny, column_ruins_open_tiny,
          column_ruins_columns_corner, column_ruins_grid_2, column_ruins_grid_1,
          grunt_ministairs_11, chei_slow_surprise, uniq_rupert, uniq_nessos
Temple:   roderic_octagonal_lattice_temple
Lair:1:   gammafunk_boulding_lane, layout_chaotic_city, uniq_urug
Lair:2:   layout_regular_city, uniq_harold
Lair:3:   layout_gridlike, swamp_mist, kennysheep_abandoned_house,
          grunt_megastairs_5, lemuel_fruit_fields, lemuel_fruit_fields,
          uniq_fannar
Lair:4:   layout_loops_ring, nicolae_spider_entry_non_spiders,
          gammafunk_ghost_arena
Lair:5:   layout_cave_pods, st_stairs_12, nicolae_lair_time_for_slime,
          serial_bayou_shore_b, grunt_megastairs_1
Lair:6:   cheibrodos_lair_end_hotspot, layout_hall_layers, slime_altar_1,
          portal_ice_cave_entry_pillars_2
Swamp:1:  layout_basic_swamp, nicolae_swamp_round_clearing, uniq_nikola,
          uniq_kirke, uniq_mlioglotl
Swamp:2:  layout_basic_swamp, nicolae_swamp_bean_lake, swamp_pool1
Swamp:3:  layout_basic_swamp, serial_swamp_ruin, evilmike_swamp_ruin_house_1,
          evilmike_swamp_ruin_house_2
Swamp:4:  swamp_vile, layout_basic_swamp, gammafunk_ghost_arena
Spider:1: layout_spider_delve, uniq_asterion
Spider:2: nicolae_spider_corner, guppyfry_hornet_nest,
          hangedman_spider_tarantella_strand, uniq_arachne
Spider:3: layout_spider_delve
Spider:4: grunt_spider_rune_circles, uniq_mara
Slime:1:  layout_caves
Slime:2:  layout_caves
Slime:3:  layout_caves
Slime:4:  layout_caves
Slime:5
Orc:1:    layout_caves, serial_shops, nicolae_shop_crystal, uniq_nergalle
Orc:2:    st_orc_mages, layout_diamond_mine, serial_shops, shop_statue
Elf:1:    eino_elf_arrival_shootout, layout_geoelf_grid, evilmike_minifort
Elf:2:    elven_hall_of_blades_hangedman_alternative
          [nicolae_blade_entry_antechamber], layout_gridlike, serial_shops,
          shop, glass_columns_b, fountainhead, uniq_azrael
Elf:3:    nooodl_elf_gasket, layout_loops_corners, serial_shops, shop
Vaults:1: nicolae_vaults_big_angled_halls, v_misc_24, vaults_room_boxed,
          vaults_room_stairs_pillars, gammafunk_sealed_arena,
          vaults_mumra_chevron, hangedman_vaults_impose,
          nicolae_vaults_diagonal_hallway_7, vaults_room_corners,
          layout_vaults_quadrants, serial_shops, nicolae_shop_behind_doors
Vaults:2: v_pattern_4, gammafunk_its_a_trap, hangedman_vaults_stagger,
          v_rooms_1, ontoclasm_vaults_hangar, hangedman_vaults_slice,
          nicolae_vaults_specimen_jars, ontoclasm_vaults_pinch,
          ontoclasm_vaults_gateway, layout_vaults_omnibox, serial_shops, shop
Vaults:3: nicolae_vaults_network_quinsquares
          [nicolae_vaults_network_quincunx_subvault,
          nicolae_vaults_network_quincunx_subvault,
          nicolae_vaults_network_quincunx_subvault,
          nicolae_vaults_network_quincunx_subvault],
          minmay_crypt_entry_skeletal_spiral, vaults_room_ringed_pool,
          nicolae_vaults_diagonal_hallway_6, vaults_mumra_chevron_long,
          vaults_room_grid, serial_ice_m, nicolae_vaults_asterisk,
          special_room_vaults [special_room_orc], layout_vaults_chaotic_city,
          uniq_jory, uniq_saint_roka, uniq_donald, uniq_margery, uniq_bai_suzhen
Vaults:4: nicolae_vaults_triangles, grunt_vaults_twisty,
          nicolae_vaults_network_quincunx
          [nicolae_vaults_network_quincunx_subvault,
          nicolae_vaults_network_quincunx_subvault,
          nicolae_vaults_network_quincunx_subvault,
          nicolae_vaults_network_quincunx_subvault,
          nicolae_vaults_network_quincunx_subvault], vaults_room_stairs_pillars,
          v_misc_32, nicolae_vaults_windows_and_doors_thing,
          ontoclasm_vaults_ring_square, v_pattern_2, v_misc_24,
          vaults_room_door_ring, vaults_dpeg_hooks, layout_vaults_omnicross
Vaults:5: serial_shops
Crypt:1:  layout_rooms, library_closet, hellmonk_scarab_ruin
Crypt:2:  layout_chaotic_city, grunt_ministairs_8
Crypt:3:  lightli_unholy_cathedral, layout_chaotic_city, grunt_megastairs_3,
          uniq_frederick
Tomb:1
Tomb:2
Tomb:3
Depths:1: hourglass_vault, layout_basic, enter_ziggurat_d,
          hangedman_abyss_entry_splay, pf_hell_entry_great_geh, serial_shops,
          nicolae_square_shop, hex_medium, minmay_misc_feat_five, drop_trap,
          st_stairs_13, grunt_ministairs_13, roderic_roman_lattice,
          grunt_gozag_statues
Depths:2: hangedman_crystal_crosses_colossus [crystal_crosses_arms_four,
          crystal_crosses_arms_two, crystal_crosses_arms_two,
          crystal_crosses_arms_one], hell_entry, pan_entry, serial_shops,
          uniq_enchantress
Depths:3: gammafunk_corrupted_shrine, layout_long_grid, kennysheep_nub,
          hellmouth_1, abyss_entry, lightli_gold_pyramid,
          minmay_staircase_windowed_large, serial_bayou_shore_a
Depths:4: evilmike_zot_entry_argh, layout_gridlike,
          nicolae_wu_jian_wuxing_cycle, grunt_hell_entry_dis_mu
Hell
Dis:1:    layout_subdivisions
Dis:2:    layout_gridville, nicolae_hells_hurtin_island
Dis:3:    layout_gridville
Dis:4:    layout_gridville
Dis:5:    layout_subdivisions
Dis:6:    layout_subdivisions
Dis:7:    dis_st
Geh:1:    layout_gehenna_pools_triple, nicolae_geh_lavax
Geh:2:    layout_gehenna_pools_triple
Geh:3:    layout_gehenna_pools_basic
Geh:4:    layout_gehenna_lava_caves
Geh:5:    layout_gehenna_pools_box, nicolae_hells_fiendish_ambush
Geh:6:    layout_gehenna_pools_box, nicolae_geh_sunburst, nicolae_geh_backdraft
Geh:7:    geh_mu
Coc:1:    layout_ice_bergs
Coc:2:    layout_cocytus_delve, serial_ice, serial_ice_a, serial_ice_n
Coc:3:    layout_ice_bergs
Coc:4:    layout_ice_bergs, nicolae_coc_melting_block
Coc:5:    nicolae_coc_naught_crossing, layout_ice_bergs
Coc:6:    layout_cocytus_water_paths
Coc:7:    coc_mu
Tar:1:    layout_grid_maze, lemuel_nasty_pond
Tar:2:    layout_grid_maze, nicolae_tar_cuneiform_not,
          grunt_tartarus_stairs_gauntlet_trap
Tar:3:    nicolae_tar_intersect_combbox, layout_cathedral_of_symmetry
Tar:4:    layout_catacombs
Tar:5:    layout_cathedral_of_symmetry
Tar:6:    layout_grid_maze
Tar:7:    tar_mu [tar_mu_maze]
Zot:1:    layout_gridlike, hangedman_zot_decor_tridents
Zot:2:    layout_misc_corridors
Zot:3:    kennysheep_bubbly, layout_misc_corridors, st_stairs_2,
          grunt_ministairs_5, hangedman_player_shredder
Zot:4:    layout_gridlike
Zot:5:    layout_gridlike

Skill      XL: |  1  2  3  4  5  6  7  8  9 10 11 12 13 14 15 16 17 18 19 20 21 22 23 24 25 26 27 |
---------------+----------------------------------------------------------------------------------+-----
Short Blades   | 3 4 8 |  8.0
Stealth        | 6 8 9 10 13 16 20 23 26 | 26.0
Shields        | 1 4 5 8 14 15 19 | 19.4
Fighting       | 4 6 8 9 11 14 15 23 | 23.7
Evocations     | 2 4 7 10 17 | 17.0
Dodging        | 2 7 10 24 | 24.6
Spellcasting   | 3 6 8 10 11 12 14 21 | 21.0
Air Magic      | 3 4 25 | 25.0
Poison Magic   | 4 8 11 12 | 12.0
Transmutations | 5 10 12 14 15 17 18 20 | 20.0
Earth Magic    | 2 9 12 13 18 22 23 | 23.0
Necromancy     | 8 10 12 14 16 17 25 | 25.0
Conjurations   | 5 10 20 | 20.0
Translocations | 2 12 | 12.0
Summonings     | 10 | 10.0
Throwing       | 6 |  6.0

Action                   |  1- 3 |  4- 6 |  7- 9 | 10-12 | 13-15 | 16-18 | 19-21 | 22-24 | 25-27 || total
-------------------------+-------+-------+-------+-------+-------+-------+-------+-------+-------++-------
Melee: Dagger            |    71 |   105 |   178 |   330 |       |       |       |       |       ||   684
       Constrict         |    13 |    24 |    29 |    51 |   105 |    82 |   137 |   164 |   174 ||   779
       Tentacles         |     9 |    24 |    56 |    94 |   292 |   245 |   494 |   583 |   620 ||  2417
       Punch             |       |       |     3 |     8 |    21 |    14 |    42 |    39 |    47 ||   174
       Quick blade       |       |       |       |   106 |   893 |   771 |  1283 |  1323 |  1473 ||  5849
       Staff             |       |       |       |       |       |       |       |   142 |   242 ||   384
       Kick              |       |       |       |       |       |       |       |       |   376 ||   376
 Fire: Hunting sling     |       |     3 |       |       |       |       |       |       |       ||     3
Throw: Dart              |       |    14 |    38 |    91 |    38 |       |     2 |       |     1 ||   184
       Boomerang         |       |       |     1 |       |       |     5 |     2 |     2 |       ||    10
       Javelin           |       |       |       |       |    24 |    10 |    14 |       |       ||    48
       Throwing net      |       |       |       |       |       |     6 |       |       |     1 ||     7
 Cast: Passwall          |       |       |       |     8 |    28 |     6 |    15 |       |       ||    57
       Poisonous Vapours |       |       |       |       |   200 |    47 |       |       |       ||   247
       Olgreb's Toxic Ra |       |       |       |       |    55 |    21 |    26 |       |       ||   102
       Statue Form       |       |       |       |       |       |    65 |    54 |    17 |       ||   136
       Petrify           |       |       |       |       |       |    14 |     1 |     4 |     3 ||    22
       Eringya's Noxious |       |       |       |       |       |     8 |    39 |     7 |       ||    54
       Borgnjor's Vile C |       |       |       |       |       |    21 |    29 |    18 |    62 ||   130
       Irradiate         |       |       |       |       |       |     1 |    53 |   129 |   203 ||   386
       Swiftness         |       |       |       |       |       |       |     3 |     4 |    24 ||    31
       Dispel Undead     |       |       |       |       |       |       |       |   185 |   119 ||   304
       Lee's Rapid Decon |       |       |       |       |       |       |       |    99 |    13 ||   112
       Necromutation     |       |       |       |       |       |       |       |    66 |   252 ||   318
       Blink             |       |       |       |       |       |       |       |     8 |     4 ||    12
       Iron Shot         |       |       |       |       |       |       |       |    94 |   259 ||   353
       Yara's Violent Un |       |       |       |       |       |       |       |       |    10 ||    10
       Shatter           |       |       |       |       |       |       |       |       |   392 ||   392
       Lehudib's Crystal |       |       |       |       |       |       |       |       |   840 ||   840
       Spellforged Servi |       |       |       |       |       |       |       |       |   257 ||   257
       Chain Lightning   |       |       |       |       |       |       |       |       |    88 ||    88
       Passage of Golubr |       |       |       |       |       |       |       |       |    48 ||    48
       Magic Dart        |       |       |       |       |       |       |       |       |     4 ||     4
       Death's Door      |       |       |       |       |       |       |       |       |     4 ||     4
       Apportation       |       |       |       |       |       |       |       |       |     3 ||     3
       Infestation       |       |       |       |       |       |       |       |       |     1 ||     1
Invok: Receive Forbidden |       |       |       |       |     1 |       |       |       |       ||     1
       Receive Corpses   |       |       |       |       |       |     1 |       |       |       ||     1
 Abil: End Transformatio |       |       |       |       |       |     2 |     3 |     4 |    27 ||    36
       Evoke Blink       |       |       |       |       |       |       |       |       |    19 ||    19
Evoke: Wand              |       |     1 |     3 |    30 |    45 |    22 |     5 |     9 |    41 ||   156
       Condenser vane    |       |       |       |       |     4 |     4 |     4 |     6 |    16 ||    34
       Phial of floods   |       |       |       |       |     1 |     4 |     3 |     3 |     4 ||    15
       Phantom mirror    |       |       |       |       |       |       |       |     6 |     6 ||    12
       Tin of tremorston |       |       |       |       |       |       |       |     7 |     6 ||    13
       Box of beasts     |       |       |       |       |       |       |       |     3 |    19 ||    22
       Lightning rod     |       |       |       |       |       |       |       |       |    15 ||    15
       Horn of Geryon    |       |       |       |       |       |       |       |       |     6 ||     6
       Figurine of a zig |       |       |       |       |       |       |       |       |     1 ||     1
  Use: Scroll            |       |     3 |    17 |     7 |    11 |     5 |     5 |    19 |    74 ||   141
       Potion            |       |       |     6 |     7 |     7 |     2 |     4 |    19 |    95 ||   140
 Stab: Sleeping          |    22 |    17 |    21 |    49 |    42 |    97 |    88 |    56 |   109 ||   501
       Distracted        |       |     1 |       |       |     4 |     1 |     5 |    14 |    25 ||    50
       Invisible         |       |       |     1 |       |    13 |       |       |       |       ||    14
       Paralysed         |       |       |       |     1 |     1 |       |       |       |     3 ||     5
       Petrified         |       |       |       |       |       |     3 |       |     2 |     1 ||     6
Armor: Skin              |       |     1 |     5 |    38 |    37 |   200 |   287 |   308 |   308 ||  1184
Dodge: Dodged            |    17 |    41 |    62 |   119 |   380 |   424 |   580 |   947 |  1891 ||  4461
       Repelled          |       |       |       |       |       |       |       |    16 |    72 ||    88
Block: Buckler           |       |     6 |    64 |   235 |   331 |   462 |   715 |   535 |       ||  2348
       Reflection        |       |       |     1 |     7 |    11 |    52 |    54 |     2 |       ||   127
       Kite shield       |       |       |       |       |       |       |       |   371 |  1898 ||  2269
